 Dungeon Crawl Stone Soup version 0.30-a0-696-g2367cd04db (webtiles) character file.

Game seed: 3599151300847238511

739745 Turgor the Acrobat (level 27, -16/264 HPs)
             Began as a Gnoll Transmuter on Jan 12, 2023.
             Was a High Priest of Ashenzari.
             Killed from afar by a Killer Klown (22 damage)
             ... with a klown pie
             ... on level 19 of a ziggurat on Jan 20, 2023.
             The game lasted 12:33:48 (81071 turns).

Turgor the Acrobat (Gnoll Transmuter)              Turns: 81071, Time: 12:33:49

Health: -16/264    AC: 35    Str: 16    XL:     27
Magic:  3/51       EV: 35    Int: 29    God:    Ashenzari [*****.]
Gold:   8678       SH: 12    Dex: 25    Spells: 3/75 levels left

rFire   + . .      SeeInvis +    M - +7 broad axe of Xuelo {heavy, Str+3}
rCold   + + +      Faith    .    n - +0 buckler "Shattered Together" {rC+, Alch, Range} (curse)
rNeg    + + +      Spirit   .    q - +4 scale mail "Thunder Perfect Mind" {Contam Rampage rF+++ Regen+, Elem, Range} (curse)
rPois   ∞          Reflect  .    D - +2 helmet "Cryptic Yoke" {Fort, Bglg} (curse)
rElec   +          Harm     +    T - +2 cloak of the Chained Ethics {Will+, Elem, Melee} (curse)
rCorr   +          Rampage  +    k - +1 pair of gloves of Curses and Power {Harm rF- rC++ rN+, Self, Comp} (curse)
Will    ++++.      Clarity  +    E - +2 pair of slick slippers {slick, slippery, EV+5, Melee, Fort} (curse)
Stlth   ++++++++                 B - amulet of Ashenzari's Gloom {RegenMP Int+6 SInv, Cun, Bglg} (curse)
HPRegen 1.44/turn                a - ring "Biacaof" {Wiz rCorr Int+3 Dex+3 SInv}
MPRegen 0.72/turn                Z - ring "Manifest Stoicism" {rElec Dex+6, Self, Range} (curse)

@: lich-form, fire vulnerable, studying 2 skills
A: draining attack, torment immunity, no potions, fangs 1, strong nose,
distributed training, talons 1, clarity, robust 1
}: 5/15 runes: barnacled, slimy, silver, abyssal, gossamer
a: End Transformation, Renounce Religion, Curse Item, Shatter the Chains


You were on level 19 of a ziggurat.
You worshipped Ashenzari.
Ashenzari was extremely pleased with you.
You were an undead lich.
You visited 12 branches of the dungeon, and saw 56 of its levels.
You visited the Abyss 2 times.
You visited 1 bazaar.
You visited 1 ziggurat, and saw 19 of its levels.
You also visited: Bailey, Gauntlet, Ice Cave and Wizlab.

You collected 12541 gold pieces.
You spent 3863 gold pieces at shops.

Inventory:

Hand Weapons
 h - a +8 heavy hand crossbow
 l - the +10 morningstar "Eos" {elec, Halo rElec}
   (You found it on level 10 of a ziggurat)

   Halo:      It grants its wielder a halo, revealing invisible creatures and
   increasing accuracy against all within it other than the wielder.
   rElec:     It insulates you from electricity.
 o - the +2 Maxwell's thermic engine {flame, freeze}
   (You found it in an ice cave)

   It becomes more effective when it hits something.
   This effect fades over time.
 p - the +8 falchion of the Walnut {holy, rF++ rC- rN+ Dex+4}
   (You found it on level 3 of the Crypt)

   Dex:       It affects your dexterity (+4).
   rF:        It greatly protects you from fire.
   rC:        It makes you vulnerable to cold.
   rN:        It protects you from negative energy.
 t - the +6 Majin-Bo {spellvamp, MP+6 Int+6}
   (You found it on level 18 of a ziggurat)

   Int:       It affects your intelligence (+6).
   MP:        It affects your magic capacity (+6).
 G - the +9 sword of Zonguldrok {reap}
   (You found it in a wizard's laboratory)
 M - the +7 broad axe of Xuelo (weapon) {heavy, Str+3}
   (You found it on level 15 of a ziggurat)

   Str:       It affects your strength (+3).
 N - the +7 mace of Variability {chaos, chain chaos}
   (You found it on level 16 of a ziggurat)
Missiles
 L - 16 silver javelins (quivered)
Armour
 k - the cursed +1 pair of gloves of Curses and Power (worn) {Harm rF- rC++ rN+, Self, Comp}
   (You found it on level 3 of the Elven Halls)

   rF:        It makes you vulnerable to fire.
   rC:        It greatly protects you from cold.
   rN:        It protects you from negative energy.
   Harm:      It increases damage dealt and taken.
   It has a curse which improves the following skills: Introspection: Fighting
   and Spellcasting.
   Companions: Summonings and Necromancy.
 n - the cursed +0 buckler "Shattered Together" (worn) {rC+, Alch, Range}
   (You found it in an ice cave)

   It has a curse which improves the following skills: Alchemy: Poison Magic and
   Transmutations.
   Ranged Combat: Ranged Weapons and Throwing.
 q - the cursed +4 scale mail "Thunder Perfect Mind" (worn) {Contam Rampage rF+++ Regen+, Elem, Range}
   (You bought it in a shop on level 11 of the Dungeon)

   rF:        It renders you almost immune to fire.
   Contam:    It causes magical contamination when unequipped.
   Regen:     It increases your rate of health regeneration.
   Rampage:   It bestows one free step when moving towards enemies.
   It has a curse which improves the following skills: Elements: Fire Magic, Ice
   Magic, Air Magic and Earth Magic.
   Ranged Combat: Ranged Weapons and Throwing.
 D - the cursed +2 helmet "Cryptic Yoke" (worn) {Fort, Bglg}
   (You found it on level 14 of the Dungeon)

   It has a curse which improves the following skills: Fortitude: Armour and
   Shields.
   Beguiling: Conjurations, Hexes and Translocations.
 E - the cursed +2 pair of slick slippers (worn) {slick, slippery, EV+5, Melee, Fort}
   (You acquired it on level 3 of the Shoals)

   Slick:     Its wearer cannot be constricted, engulfed, netted or webbed.
   Slippery:  It slips away from damaging melee attacks, pulling the attacker
   onward.
   EV:        It affects your evasion (+5).
   It has a curse which improves the following skills: Melee Combat: Short
   Blades, Long Blades, Axes, Maces & Flails, Polearms, Staves and Unarmed
   Combat.
   Fortitude: Armour and Shields.
 T - the cursed +2 cloak of the Chained Ethics (worn) {Will+, Elem, Melee}
   (You found it on level 5 of the Pits of Slime)

   It has a curse which improves the following skills: Elements: Fire Magic, Ice
   Magic, Air Magic and Earth Magic.
   Melee Combat: Short Blades, Long Blades, Axes, Maces & Flails, Polearms,
   Staves and Unarmed Combat.
Jewellery
 a - the ring "Biacaof" (left hand) {Wiz rCorr Int+3 Dex+3 SInv}
   (You bought it in a shop on level 1 of the Shoals)

   [ring of wizardry]

   It improves your spell success rate.
   Int:       It affects your intelligence (+3).
   Dex:       It affects your dexterity (+3).
   SInv:      It lets you see invisible.
   rCorr:     It protects you from acid and corrosion.
 b - the ring "Esodel" {rElec rCorr Int+7 Dex-5}
   (You found it on level 2 of the Depths)

   [ring of resist corrosion]

   Int:       It affects your intelligence (+7).
   Dex:       It affects your dexterity (-5).
   rElec:     It insulates you from electricity.
   rCorr:     It protects you from acid and corrosion.
 j - the dreamshard necklace {*Dream Drain}
   (You found it on level 9 of a ziggurat)

   [amulet of nothing]

   *Dream:    It shatters if its wearer takes lethal or near-lethal damage,
   preventing the blow and releasing protective dreams that heal and fight for
   the wearer.
   Drain:     It drains your maximum health when unequipped.
 y - the ring of the Original Sin {rN++ Will+ rCorr Str+6}
   (You bought it in a shop in a bazaar)

   [ring of strength]

   Str:       It affects your strength (+6).
   rN:        It greatly protects you from negative energy.
   rCorr:     It protects you from acid and corrosion.
   Will:      It increases your willpower.
 B - the cursed amulet of Ashenzari's Gloom (around neck) {RegenMP Int+6 SInv, Cun, Bglg}
   (You found it on level 5 of a ziggurat)

   [amulet of magic regeneration]

   It increases your rate of magic regeneration.
   Int:       It affects your intelligence (+6).
   SInv:      It lets you see invisible.
   It has a curse which improves the following skills: Cunning: Dodging and
   Stealth.
   Beguiling: Conjurations, Hexes and Translocations.
 O - the ring of Happiness {Fly rN+++ Str-4 Dex+2}
   (You found it on level 17 of a ziggurat)

   [ring of flight]

   Str:       It affects your strength (-4).
   Dex:       It affects your dexterity (+2).
   rN:        It renders you almost immune to negative energy.
   Fly:       It grants you flight.
 U - the ring of Hugua {+Blink Fly rC++}
   (You found it on level 16 of a ziggurat)

   [ring of flight]

   rC:        It greatly protects you from cold.
   Fly:       It grants you flight.
   +Blink:    It lets you blink.
 Z - the cursed ring "Manifest Stoicism" (right hand) {rElec Dex+6, Self, Range}
   (You found it on level 5 of the Pits of Slime)

   [ring of dexterity]

   Dex:       It affects your dexterity (+6).
   rElec:     It insulates you from electricity.
   It has a curse which improves the following skills: Introspection: Fighting
   and Spellcasting.
   Ranged Combat: Ranged Weapons and Throwing.
Wands
 e - a wand of roots (14)
 m - a wand of light (31)
 X - a wand of digging (30)
Scrolls
 c - 9 scrolls of fear
 d - 4 scrolls of blinking
 f - 11 scrolls of amnesia
 g - 27 scrolls of fog
 v - a scroll of silence
 F - a scroll of enchant armour
 R - 12 scrolls of teleportation
Potions
 i - 5 potions of resistance
 s - 9 potions of brilliance
 u - 7 potions of ambrosia
 w - 3 potions of invisibility
 x - 12 potions of cancellation
 A - 25 potions of curing
 H - 8 potions of heal wounds
 J - 7 potions of haste
 K - 15 potions of mutation
 P - 4 potions of magic
 S - 7 potions of might
Miscellaneous
 r - a box of beasts (inert)
 z - a piece from Xom's chessboard (15/15)
 C - a lightning rod (4/4)
 I - a condenser vane
 Q - a phantom mirror
 V - a phial of floods


   Skills:
 + Level 21.3(24.4) Fighting
 + Level 21.2(24.3) Short Blades
 + Level 21.2(24.3) Long Blades
 + Level 21.2(24.3) Axes
 + Level 21.2(24.3) Maces & Flails
 + Level 21.2(24.3) Polearms
 + Level 21.2(24.3) Staves
 + Level 21.2(25.3) Ranged Weapons
 + Level 23.7(27) Throwing
 + Level 21.2(24.3) Armour
 + Level 24.0(26.0) Dodging
 + Level 21.2(23.2) Stealth
 + Level 21.2(24.3) Shields
 + Level 22.0(25.0) Unarmed Combat
 + Level 21.6(24.7) Spellcasting
 + Level 18.1(21.3) Conjurations
 + Level 18.1(21.3) Hexes
 + Level 18.1(20.2) Summonings
 + Level 18.1(20.2) Necromancy
 + Level 18.1(21.3) Translocations
 + Level 18.5(20.6) Transmutations
 + Level 18.1(21.3) Fire Magic
 + Level 18.1(21.3) Ice Magic
 + Level 18.1(21.3) Air Magic
 + Level 18.1(21.3) Earth Magic
 + Level 18.1(20.2) Poison Magic
 + Level 22.9 Invocations
 + Level 21.2 Evocations


You had 3 spell levels left.
You knew the following spells:

 Your Spells              Type           Power      Damage    Failure   Level
a - Borgnjor's Vile Clut  Necr/Erth      62%        N/A       0%          5
b - Wereblood             Tmut           100%       N/A       0%          2
c - Lehudib's Crystal Sp  Conj/Erth      51%        10d12     1%          8
f - Passage of Golubria   Tloc           100%       N/A       0%          4
g - Dispel Undead         Necr           100%       3d31      0%          4
h - Eringya's Noxious Bo  Tmut/Pois      50%        N/A       1%          6
i - Yara's Violent Unrav  Hex/Tmut       51%        3d20      0%          5
j - Lee's Rapid Deconstr  Erth           51%        3d24*     0%          5
k - Infestation           Necr           62%        N/A       1%          8
l - Ignition              Fire           51%        3d14      1%          8
m - Necromutation         Tmut/Necr      62%        N/A       1%          8
n - Shatter               Erth           51%        3d39*     11%         9

Your spell library contained the following spells:

 Spells                   Type           Power      Damage    Failure   Level
 Apportation              Tloc           100%       N/A       0%          1
 Beastly Appendage        Tmut           100%       N/A       0%          1
 Foxfire                  Conj/Fire      100%       2x1d9     0%          1
 Freeze                   Ice            100%       1d10      0%          1
 Kiss of Death            Conj/Necr      100%       2d13      0%          1
 Magic Dart               Conj           100%       1d8       0%          1
 Necrotise                Necr           100%       1d9       0%          1
 Slow                     Hex            100%       N/A       0%          1
 Summon Small Mammal      Summ           100%       N/A       0%          1
 Blink                    Tloc           100%       N/A       0%          2
 Call Imp                 Summ           100%       N/A       0%          2
 Cigotuvi's Dreadful Rot  Necr/Pois/Air  100%       N/A       0%          2
 Ensorcelled Hibernation  Hex/Ice        100%       N/A       0%          2
 Lesser Beckoning         Tloc           100%       N/A       0%          2
 Momentum Strike          Conj/Tloc      100%       3d10      0%          2
 Poisonous Vapours        Pois/Air       100%       N/A       0%          2
 Scorch                   Fire           100%       2d10      0%          2
 Searing Ray              Conj           100%       2d8       0%          2
 Static Discharge         Conj/Air       100%       2-7/arc   0%          2
 Sublimation of Blood     Necr           100%       N/A       0%          2
 Call Canine Familiar     Summ           100%       N/A       0%          3
 Confusing Touch          Hex            100%       N/A       0%          3
 Dazzling Flash           Conj/Hex       100%       N/A       0%          3
 Frozen Ramparts          Ice            100%       1d16      0%          3
 Gell's Gravitas          Tloc           100%       N/A       0%          3
 Hailstorm                Conj/Ice       100%       3d20      0%          3
 Ignite Poison            Fire/Tmut/Pois 100%       N/A       0%          3
 Inner Flame              Hex/Fire       100%       N/A       0%          3
 Kindle Blastsparks       Fire/Tloc/Air  100%       2d18      0%          3
 Mephitic Cloud           Conj/Pois/Air  100%       N/A       0%          3
 Ozocubu's Armour         Ice            100%       N/A       0%          3
 Portal Projectile        Hex/Tloc       100%       N/A       0%          3
 Spider Form              Tmut/Pois      100%       N/A       0%          3
 Stone Arrow              Conj/Erth      100%       3d13      0%          3
 Summon Guardian Golem    Hex/Summ       100%       N/A       0%          3
 Teleport Other           Tloc           100%       N/A       0%          3
 Tukima's Dance           Hex            100%       N/A       0%          3
 Vampiric Draining        Necr           100%       2d13      0%          3
 Vhi's Electric Charge    Tloc/Air       100%       N/A       0%          3
 Airstrike                Air            51%        2d(8-24)  0%          4
 Anguish                  Hex/Necr       62%        N/A       0%          4
 Animate Armour           Summ/Erth      100%       N/A       0%          4
 Animate Dead             Necr           100%       N/A       0%          4
 Cause Fear               Hex            51%        N/A       0%          4
 Flame Wave               Conj/Fire      100%       2d21      0%          4
 Ice Form                 Ice/Tmut       100%       N/A       0%          4
 Iskenderun's Mystic Bla  Conj/Tloc      100%       2d19      0%          4
 Leda's Liquefaction      Hex/Erth       51%        N/A       0%          4
 Manifold Assault         Tloc           100%       N/A       0%          4
 Olgreb's Toxic Radiance  Pois           100%       N/A       0%          4
 Petrify                  Tmut/Erth      100%       N/A       0%          4
 Sticky Flame             Conj/Fire      100%       2d11      0%          4
 Summon Ice Beast         Ice/Summ       100%       N/A       0%          4
 Summon Lightning Spire   Summ/Air       100%       N/A       0%          4
 Alistair's Intoxication  Tmut/Pois      67%        N/A       0%          5
 Arcjolt                  Conj/Air       51%        1d61      0%          5
 Blade Hands              Tmut           50%        N/A       0%          5
 Fireball                 Conj/Fire      51%        3d20      0%          5
 Freezing Cloud           Conj/Ice/Air   51%        6-21      0%          5
 Irradiate                Conj/Tmut      51%        3d28      0%          5
 Lightning Bolt           Conj/Air       51%        1d72      0%          5
 Metabolic Englaciation   Hex/Ice        51%        N/A       0%          5
 Summon Forest            Summ/Tloc      51%        N/A       0%          5
 Summon Mana Viper        Hex/Summ       100%       N/A       0%          5
 Conjure Ball Lightning   Conj/Air       51%        3x3d18    1%          6
 Death Channel            Necr           62%        N/A       1%          6
 Dispersal                Tloc           51%        N/A       1%          6
 Iron Shot                Conj/Erth      51%        9d10      1%          6
 Simulacrum               Ice/Necr       62%        N/A       1%          6
 Starburst                Conj/Fire      51%        6d14      1%          6
 Statue Form              Tmut/Erth      68%        N/A       1%          6
 Summon Cactus Giant      Summ           50%        N/A       1%          6
 Dragon Form              Tmut           50%        N/A       1%          7
 Enfeeble                 Hex            51%        N/A       1%          7
 Haunt                    Necr/Summ      62%        N/A       1%          7
 Malign Gateway           Summ/Tloc      51%        N/A       1%          7
 Monstrous Menagerie      Summ           50%        N/A       1%          7
 Ozocubu's Refrigeration  Ice            51%        4d18      1%          7
 Spellforged Servitor     Conj/Summ      51%        N/A       1%          7
 Storm Form               Tmut/Air       51%        N/A       1%          7
 Summon Hydra             Summ           50%        N/A       1%          7
 Borgnjor's Revivificati  Necr           62%        N/A       1%          8
 Discord                  Hex            51%        N/A       1%          8
 Disjunction              Tloc           51%        N/A       1%          8
 Maxwell's Capacitive Co  Air            51%        ∞         1%          8
 Summon Horrible Things   Summ           50%        N/A       1%          8
 Chain Lightning          Conj/Air       51%        3d68      11%         9
 Fire Storm               Conj/Fire      51%        8d13      11%         9
 Polar Vortex             Ice            51%        N/A       11%         9
 Death's Door             Necr           62%        N/A       16%         9


Dungeon Overview and Level Annotations

Branches:
Dungeon (15/15)            Temple (1/1) D:6            Lair (5/5) D:8
 Shoals (4/4) Lair:2       Spider (4/4) Lair:3        Slime (5/5) Lair:5
    Orc (2/2) D:9             Elf (3/3) Orc:2        Vaults (5/5) D:14
  Crypt (3/3) Vaults:3       Tomb (0/3) Crypt:3      Depths (4/4) D:15
    Zot (5/5) Depths:4     Bailey (visited)           IceCv (visited)
 WizLab (visited)         Gauntlet (visited)

Altars:
Ashenzari
Cheibriados
Dithmenos
Gozag
Hepliaklqana
Kikubaaqudgha
Makhleb
Nemelex Xobeh
Okawaru
Ru
Sif Muna
Trog
Vehumet
Wu Jian
Xom
Yredelemnul
Zin
Jiyva
Lugonu

Shops:
D:1 [   D:5 !*   D:9 ?   D:10 *   D:11 [   D:15 [   Orc:2 ?[([   Elf:1 *(
Elf:2 [   Shoals:1 *=[*?   Vaults:3 (   Depths:3 *:

Portals:
Hell: Depths:1 Depths:2 Depths:3 Depths:4
Abyss: D:9 Lair:5 Depths:1 Depths:2 Depths:3
Pandemonium: Depths:2

Annotations:
Spider:4 2 transporters, Pogruont's ghost, adept FoHu


Innate Abilities, Weirdness & Mutations

You are an undead lich.
Your unarmed attacks are suffused with negative energy.
You are immune to unholy pain and torment.
Your necromantic spells are more powerful.
You cannot drink.
You are immune to poison.
You have very sharp teeth.
Your uncanny sense of smell can sniff out nearby items.
Your experience applies equally to all skills.
You have sharp toenails.
You possess an exceptional clarity of mind.
You are robust. (+10% HP)


Message History

The blast of lightning engulfs Uloazing.
Uloazing completely resists.
The blast of lightning engulfs Tipn!
Tipn resists.
Tipn dies!
The blast of lightning engulfs you!! You resist.
The blast of lightning engulfs Ziriorer!
Ziriorer resists.
Ziriorer dies!
A death scarab bursts from Ziriorer!
A death scarab bursts from Tipn!
Adefov hits you but does no damage.
You slice Adefov!! You bite Adefov, but do no damage.
Adefov is severely wounded.
You closely miss Uloazing.
The zombie hands constrict Adefov!!
Uloazing hits you but does no damage. Adefov hits you!!
* * * LOW HITPOINT WARNING * * *
You slip backwards!
The zombie hands lose their grip on Adefov.
Adefov launches a ball of destructive magic.
The wavering orb of destruction weakly hits you!
* * * LOW HITPOINT WARNING * * *
You completely miss Adefov.
Adefov is almost dead.
You miss Uloazing.
You are standing in a thunderstorm.
Your death scarab completely misses Adefov.
Uloazing hits you but does no damage.
A Killer Klown comes into view. It is wielding a +11 club.
Your death scarab barely misses Uloazing.
Adefov hits you!!
* * * LOW HITPOINT WARNING * * *
You slip backwards!
Okay, then.
Press: ? - help, v - describe, . - travel
Here: Uloazing, armed with a freezing touch (thunder, lightly wounded, ally target)
The floor.
Blink to where?
Press: ? - help, Dir - move target, p - Adefov
As you read the scroll of blinking, it crumbles to dust.
The Killer Klown pies you viciously! The klown pie hits you!!
Cherry!
Cherry-coloured flames burn away your fire resistance!
You die...

▓..........§)....,,,,
▓▓...§§§B.§....... ,,
▓..∩.&&§§.........
▓▓...§§§B...p..... ,
▓....§.§§........,
▓................,,
▓................,
▓................ , ,
▓▓..L............ ,,,
▓▓.............., ,,
▓............., , ,
▓▓............ ,,
▓▓.......,,, ,
*▓...... , ,, ▓▓....
, , *▓▓.. , ,,,, * *
*


You could see Adefov (clouds, infested, ally target), Uloazing (ally target), a
Killer Klown and 2 friendly death scarabs.

Vanquished Creatures
  the Royal Jelly (Slime:5)
  Dissolution (Slime:4)
  3 ancient liches
  3 dread liches
  An orb of fire (Zot:2)
  A juggernaut (Depths:4)
  A royal mummy (Zig:10)
  Parghit (Zot:3)
  Vv (Depths:4)
  Sojobo (Vaults:2)
  A shard shrike (Zig:16)
  5 Killer Klowns
  Saint Roka (Depths:2)
  A caustic shrike (Zig:5)
  2 bone dragons
  5 golden dragons
  Nikola (Spider:1)
  A profane servitor (Abyss:3)
  5 pandemonium lords
  Arachne (Spider:2)
  2 doom hounds (Depths:2)
  A shard shrike zombie (Crypt:3)
  A Tzitzimitl (Zig:14)
  13 tentacled monstrosities
  4 electric golems (Zot:1)
  Zenata (Vaults:2)
  3 Ice Fiends
  An Orb Guardian (Zot:5)
  3 Hell Sentinels
  3 deep elf blademasters
  Jorgrun (Orc:2)
  6 liches
  3 titans
  6 quicksilver dragons
  A kraken (Shoals:3)
  A walking divine tome (Depths:4)
  2 deep elf master archers
  8 ancient champions
  3 tentacled starspawn
  An Executioner (Zig:14)
  26 acid blobs
  12 death cobs
  2 eldritch tentacles (Abyss:3)
  Polyphemus (Shoals:4)
  Grunn (Depths:2)
  8 sphinxes
  Agnes (Elf:1)
  Kirke (Spider:3)
  Frances (Shoals:1)
  7 draconian monks
  Roxanne (Spider:3)
  3 nagarajas (Zig:17)
  6 shadow dragons
  20 azure jellies
  10 storm dragons
  4 fire giants
  8 tengu reavers
  6 revenants
  12 rockslimes
  2 quicksilver elementals (Zig:11)
  5 draconian knights
  7 deep elf sorcerers
  A ghost moth (shapeshifter) (Depths:3)
  12 frost giants
  The ghost of dunno567 the Grappler, a journeyman TrTm of Gozag (Orc:2)
  Louise (Spider:3)
  11 ghost moths
  Aizul (Shoals:2)
  8 emperor scorpions
  2 caustic shrike zombies (Crypt:3)
  4 draconian shifters
  10 vault wardens
  3 deep elf elementalists
  A balrug (Zig:2)
  2 curse skulls (Zig:15)
  5 ghouls
  5 draconian scorchers
  2 reapers
  2 spriggan defenders (Depths:3)
  3 draconian stormcallers
  2 juggernaut zombies
  An orc warlord (Orc:2)
  22 quicksilver oozes
  7 draconian annihilators
  2 broodmothers
  4 demonspawn blood saints (Zig:17)
  A quicksilver ooze (shapeshifter) (Vaults:5)
  3 war gargoyles (Zig:11)
  12 ironbound preservers
  4 ironbound thunderhulks
  17 vampire knights
  10 stone giants
  11 black draconians
  9 very ugly things
  A lorocyproca (Zig:14)
  2 bunyips (Zig:13)
  8 deep elf demonologists
  18 dire elephants
  11 deep elf annihilators
  18 white draconians
  8 green draconians
  16 yellow draconians
  7 spark wasps
  12 red draconians
  Azrael (Orc:2)
  A minotaur (Gauntlet)
  8 purple draconians
  2 pale draconians (Depths:4)
  A quicksilver dragon zombie (Crypt:2)
  7 eidola
  12 merfolk impalers
  9 ettins
  An iron golem (Zig:5)
  12 crystal guardians
  An ettin (shapeshifter) (Vaults:5)
  The ghost of Dominolapin the Carver, a journeyman MiMo of Yredelemnul (D:9)
  4 blizzard demons (Zig:16)
  15 great orbs of eyes
  8 deep elf death magi
  A green death (Zig:13)
  17 jiangshi
  5 merfolk javelineers
  5 yaktaur captains
  8 entropy weavers
  Josephine (Orc:1)
  4 spriggan zombies
  A spectral kraken (Shoals:4)
  12 fire dragons
  12 ice dragons
  29 vault guards
  9 deep elf high priests
  A caustic shrike simulacrum (Depths:1)
  3 ogre magi
  Erolcha (Orc:1)
  3 rakshasas
  2 merfolk avatars
  A peacekeeper (Vaults:3)
  10 hydras
  5 ironbound frosthearts
  2 ghost crabs (Shoals:4)
  A radroach (Spider:2)
  2 jorogumos (Spider:3)
  2 catoblepae
  2 spriggan air magi
  2 spriggan skeletons
  9 centaur warriors
  3 merfolk aquamancers
  8 two-headed ogres
  28 dancing weapons
  6 deep troll shamans
  An alligator (Zig:13)
  An Orb Guardian skeleton (Crypt:2)
  3 death knights
  3 satyrs (Shoals:2)
  2 alligator snapping turtles
  Urug (D:11)
  10 boulder beetles
  5 tengu warriors
  11 vampire magi
  8 death yaks
  2 spriggan berserkers
  5 deep troll earth magi (Depths:1)
  4 orc high priests
  6 hell knights (Depths:3)
  4 soul eaters
  Amaemon (Lair:1)
  The ghost of spirosbanana the Fighter, a novice MiBe of Trog (D:7)
  Sonja (Lair:3)
  Nergalle (D:11)
  3 iron trolls
  4 thrashing horrors
  28 deep elf knights
  A sun moth (Spider:4)
  A sixfirhy (Abyss:3)
  31 skeletal warriors
  3 wretched stars (Abyss:3)
  2 storm dragon zombies (Crypt:3)
  2 fire crabs (shapeshifter)
  8 pharaoh ants
  7 shadow wraiths
  3 golden dragon zombies
  14 sea snakes
  4 swamp dragons
  12 orb spiders
  An iron giant zombie (Crypt:1)
  Lodul (D:11)
  12 deep elf archers
  A bog body (Crypt:2)
  3 spriggan simulacra
  42 deep trolls
  19 ironbound convokers
  2 lindwurms (shapeshifter)
  6 flayed ghosts
  2 orange crystal statues
  16 wizards
  6 glowing orange brains
  An orb spider (shapeshifter) (Elf:2)
  A shadow dragon zombie (Crypt:3)
  9 steelbarb worms
  28 harpies
  12 phantasmal warriors
  17 necromancers
  14 orc knights
  2 sphinx zombies
  6 orc sorcerers
  A bunyip skeleton (Crypt:1)
  5 shining eyes
  A mana viper (shapeshifter) (Zig:12)
  14 lindwurms
  A wolf spider zombie (Crypt:3)
  22 wolf spiders
  43 ugly things
  35 deep elf pyromancers
  2 manticores (shapeshifter)
  10 fauns
  22 moths of wrath
  A shadow dragon skeleton (Crypt:1)
  19 manticores
  2 oklob plants
  A draconian zombie (Crypt:1)
  An iron dragon skeleton (Crypt:2)
  A worldbinder (D:9)
  35 deep elf zephyrmancers
  8 cyclopes
  A human skeleton (Crypt:1)
  Maurice (D:8)
  13 merfolk sirens
  6 elephants
  A dire elephant zombie (Crypt:3)
  15 vault sentinels
  2 naga zombies (Crypt:1)
  A jorogumo skeleton (Crypt:2)
  2 black mambas
  A frost giant skeleton (Crypt:3)
  5 water nymphs
  A guardian serpent (shapeshifter) (Zig:19)
  An apocalypse crab (Abyss:3)
  An orange demon (Lair:1)
  A naga mage (Zig:17)
  A spectral sea snake (Shoals:4)
  9 eyes of devastation
  An ice statue (IceCv)
  A gargoyle (D:11)
  3 dire elephant skeletons
  10 cane toads
  A centaur zombie (Crypt:3)
  3 storm dragon simulacra
  3 torpor snails
  5 demonic crawlers
  A centaur skeleton (Crypt:3)
  6 rime drakes
  2 yaktaurs (shapeshifter) (Lair:5)
  4 komodo dragons
  3 hellions
  16 yaktaurs
  Psyche (D:11)
  2 bunyip simulacra (Crypt:2)
  3 ancient zymes
  A tormentor (Zig:5)
  3 freezing wraiths
  A tengu conjurer (D:13)
  3 spectral merfolk (Shoals:4)
  A swamp worm zombie (Crypt:2)
  An efreet (Abyss:3)
  9 guardian mummies
  7 ice devils
  A hydra zombie (Crypt:3)
  4 harpy zombies
  34 merfolk
  3 meliai (Spider:2)
  2 bloated husks (Zig:13)
  A meliai (shapeshifter) (D:15)
  A red devil (Depths:2)
  A hornet (shapeshifter) (Lair:5)
  7 wind drakes
  A hellwing (Abyss:3)
  8 trolls
  A hydra skeleton (Crypt:1)
  15 polar bears
  A shadow dragon simulacrum (Zig:16)
  A tengu simulacrum (Vaults:1)
  A mana viper skeleton (Crypt:1)
  9 hornets
  32 blink frogs
  4 dream sheep
  A spectral manticore (Shoals:4)
  A blink frog (shapeshifter) (Lair:5)
  Prince Ribbit (D:6)
  A tyrant leech (Zig:13)
  8 snapping turtles
  7 large abominations
  An ettin zombie (Crypt:3)
  2 raiju
  31 tarantellas
  A snapping turtle (shapeshifter) (Zig:14)
  A fire giant simulacrum (Depths:1)
  A fire dragon skeleton (Crypt:1)
  A frost giant simulacrum (Zig:4)
  53 jumping spiders
  A flying skull (Zig:10)
  96 slime creatures
  A fire dragon zombie (Crypt:3)
  A deep troll zombie (Vaults:1)
  24 water elementals
  13 vampires
  2 ynoxinuls (Lair:5)
  An air elemental (Elf:2)
  35 culicivoras
  3 spriggans
  A jumping spider (shapeshifter) (D:14)
  11 wraiths
  19 humans (D:14)
  A slime creature zombie (Crypt:2)
  3 hogs (Spider:3)
  74 yaks
  An ushabti (Zig:10)
  8 basilisks
  3 fire bats (Abyss:3)
  7 fire elementals
  A golden eye (Zig:18)
  3 wyverns
  Eustachio (D:5)
  A golden eye (shapeshifter) (Elf:1)
  11 vampire mosquitoes
  2 steam dragons
  3 chaos spawn
  An elf skeleton (Vaults:1)
  A neqoxec (D:9)
  4 hell hounds (Orc:2)
  15 acid dragons
  86 redbacks
  13 wargs
  A faun zombie (Crypt:1)
  7 two-headed ogre zombies (WizLab)
  Duvessa (D:4)
  A spectral snapping turtle (Shoals:4)
  15 water moccasins
  A water moccasin (shapeshifter) (Zig:14)
  17 small abominations
  A floating eye (Depths:2)
  A naga skeleton (Crypt:1)
  39 orc warriors
  A sky beast (D:7)
  4 ice beasts
  A dream sheep zombie (Crypt:2)
  2 black bears
  A glowing shapeshifter skeleton (Crypt:2)
  An elephant zombie (Crypt:3)
  An elf zombie (Elf:3)
  14 ogres
  A tengu (shapeshifter) (Depths:4)
  41 wolves
  A boggart (Vaults:2)
  22 centaurs
  2 phantoms (D:5)
  4 kobold brigands
  A glowing shapeshifter simulacrum (Vaults:1)
  8 bullfrogs
  A gnoll sergeant (D:9)
  2 cane toad simulacra (Lair:3)
  3 scorpions
  An earth elemental (Elf:2)
  3 necrophages (Crypt:2)
  15 wights
  5 troll zombies (WizLab)
  Dowan (D:4)
  9 electric eels
  7 howler monkeys
  2 troll skeletons (Crypt:1)
  3 hounds
  24 orc priests
  9 jellies
  5 starcursed masses (Abyss:3)
  7 iguanas
  A black bear skeleton (Crypt:1)
  13 hell rats
  Natasha (thrice) (D:4)
  16 orc wizards
  A wolf simulacrum (Lair:3)
  6 ogre zombies (WizLab)
  9 mummies (Zig:10)
  10 gnolls
  7 adders
  A shadow imp (D:5)
  2 white imps
  An ufetubus (D:7)
  A worm zombie (Crypt:3)
  4 worms
  3 dart slugs
  100 orcs
  14 ball pythons
  11 endoplasms
  3 giant cockroaches
  9 hobgoblins
  4 jackals (D:2)
  6 quokkas
  12 bats
  9 goblins
  34 kobolds
  A kobold skeleton (Crypt:2)
  4 rats
  A butterfly (D:6)
  4 starspawn tentacles (Abyss:3)
  A tentacle (Shoals:3)
2835 creatures vanquished.

Vanquished Creatures (collateral kills)
  5 ancient liches
  Mara (Spider:4)
  A royal mummy (Zig:10)
  A shard shrike (Zig:16)
  Bai Suzhen (Vaults:2)
  Xtahua (Crypt:2)
  2 Killer Klowns
  3 pandemonium lords
  2 golden dragons
  Jory (Crypt:3)
  2 bone dragons (Zig:9)
  2 Hell Sentinels (Zig:11)
  4 tentacled monstrosities
  An Ice Fiend (Zig:16)
  A lich (Crypt:3)
  A tentacled starspawn (Abyss:3)
  4 titans (Vaults:5)
  3 sphinxes
  3 ancient champions
  A death cob (Zot:3)
  2 acid blobs (Zig:18)
  4 storm dragons
  A shadow dragon (Zot:4)
  2 draconian monks (Zot:3)
  2 rockslimes (Zig:18)
  7 frost giants
  3 draconian knights
  3 emperor scorpions (Zig:8)
  2 fire giants (Vaults:5)
  3 revenants (Zig:15)
  A ghost moth (Zig:8)
  An iron dragon (Vaults:5)
  2 vault wardens (Vaults:5)
  2 curse skulls
  2 balrugs (Zig:14)
  A draconian stormcaller (Zot:3)
  A draconian shifter (Zot:4)
  A demonspawn blood saint (Zig:17)
  4 ironbound preservers
  An ironbound thunderhulk (Vaults:1)
  2 very ugly things (Vaults:5)
  2 black draconians
  2 stone giants
  A green draconian (Zot:4)
  4 vampire knights
  3 yellow draconians
  A purple draconian (Zot:3)
  2 red draconians
  A spark wasp (Depths:3)
  3 white draconians
  An ettin (shapeshifter) (Vaults:5)
  2 iron golems (Zig:11)
  A green death (Zig:13)
  A mummy priest (Zig:10)
  3 ettins
  2 jiangshi (Crypt:3)
  A merfolk javelineer (Abyss:3)
  2 yaktaur captains (Vaults:5)
  4 blizzard demons (Zig:16)
  A merfolk impaler (Zig:6)
  A deep elf high priest (Vaults:5)
  2 vault guards (Vaults:5)
  2 ice dragons
  2 ogre magi (Vaults:5)
  An ironbound frostheart (Vaults:5)
  2 ghost crabs (Zig:13)
  An anaconda (shapeshifter) (Zig:14)
  2 radroaches (Zig:8)
  A merfolk avatar (Abyss:3)
  2 deep troll shamans (Depths:3)
  A death scarab (Zig:10)
  A deep troll earth mage (Vaults:5)
  A merfolk aquamancer (Zig:6)
  A vampire mage (Crypt:3)
  A soul eater (Zig:9)
  4 crystal echidnas (Zig:11)
  4 hell knights (Depths:3)
  An iron troll (Depths:3)
  A storm dragon skeleton (Zig:10)
  5 skeletal warriors (Crypt:3)
  A spriggan druid (Zig:13)
  An anaconda zombie (Crypt:3)
  An obsidian statue (Zig:6)
  2 flayed ghosts
  A spriggan simulacrum (Zig:16)
  A golden dragon skeleton (Crypt:3)
  2 swamp dragons (Zig:13)
  4 ironbound convokers (Vaults:5)
  9 phantasmal warriors
  2 orange crystal statues (Zig:6)
  5 harpies (Zig:6)
  2 necromancers
  A mana viper (shapeshifter) (Vaults:5)
  A sphinx skeleton (Zig:10)
  A dire elephant zombie (Crypt:3)
  2 apocalypse crabs (Zig:14)
  6 vault sentinels (Vaults:5)
  A titan simulacrum (Zig:16)
  A water nymph (Zig:6)
  A rime drake (Zig:16)
  A freezing wraith (Crypt:1)
  A yaktaur (Vaults:1)
  2 guardian mummies (Zig:10)
  4 merfolk
  4 slime creatures (Zig:18)
  A flying skull (Zig:10)
  10 vampires (Crypt:3)
  A spriggan (Zig:13)
  2 wraiths
  A fire dragon skeleton (Crypt:3)
  A redback (Spider:4)
  A deep troll zombie (Crypt:3)
  An ice beast (Zig:16)
  A starcursed mass (Abyss:3)
  A deep dwarf skeleton (Crypt:3)
  5 mummies (Zig:10)
242 creatures vanquished.

Vanquished Creatures (others)
  A Killer Klown (Zig:19)
  2 pandemonium lords (Zig:19)
  An eldritch tentacle (Zig:14)
  A deep elf sorcerer (Zig:17)
  A demonspawn blood saint (Zig:17)
  A bunyip (Zig:13)
  A green death (Zig:13)
  An ogre mage (Zig:17)
  2 alligators (Zig:13)
  A merfolk aquamancer (Zig:17)
  A deep elf knight (Elf:3)
  An iron troll (shapeshifter) (Zig:19)
  A spriggan rider (Zig:13)
  A death drake (Zig:13)
  A deep elf archer (Elf:3)
  A phantasmal warrior (Zig:12)
  A deep elf pyromancer (Elf:3)
  A deep elf zephyrmancer (Elf:1)
  An orc sorcerer (Zig:17)
  A human zombie (Abyss:3)
  5 apocalypse crabs (Zig:19)
  A cane toad (shapeshifter) (Zig:19)
  A rime drake (shapeshifter) (Zig:19)
  A tyrant leech (shapeshifter) (Zig:19)
  A spectral manticore (Shoals:4)
  A chaos spawn (Zig:19)
  2 steam dragons (Depths:4)
  5 elf zombies
  An orc zombie (Elf:3)
  3 ball lightnings (Zig:19)
  23 demonic plants (Gauntlet)
  16 fungi
  77 plants
  2 starspawn tentacles (Abyss:3)
  28 tentacles
  16 withered plants (Shoals:4)
205 creatures vanquished.

Grand Total: 3282 creatures vanquished

Notes
Turn   | Place    | Note
-------+----------+-------------------------------------------
     0 | D:1      | Turgor the Gnoll Transmuter began the quest for the Orb.
     0 | D:1      | Reached XP level 1. HP: 17/17 MP: 6/6
   142 | D:1      | Found Hore's Armour Emporium.
   159 | D:1      | Got the Folio of Fetching Bones
   240 | D:1      | Reached XP level 2. HP: 23/23 MP: 5/7
   393 | D:1      | Learned a level 2 spell: Wereblood
   396 | D:1      | Learned a level 2 spell: Poisonous Vapours
   948 | D:2      | Reached skill level 5 in Spellcasting
   948 | D:2      | Reached XP level 3. HP: 28/28 MP: 6/9
   992 | D:2      | Reached skill level 1 in Invocations
  1001 | D:2      | Learned a level 3 spell: Mephitic Cloud
  1245 | D:2      | Reached skill level 1 in Short Blades
  1245 | D:2      | Reached skill level 1 in Long Blades
  1245 | D:2      | Reached skill level 1 in Axes
  1245 | D:2      | Reached skill level 1 in Maces & Flails
  1245 | D:2      | Reached skill level 1 in Polearms
  1245 | D:2      | Reached skill level 1 in Staves
  1245 | D:2      | Reached skill level 1 in Ranged Weapons
  1245 | D:2      | Reached skill level 1 in Throwing
  1245 | D:2      | Reached skill level 1 in Armour
  1245 | D:2      | Reached skill level 1 in Stealth
  1245 | D:2      | Reached skill level 1 in Shields
  1245 | D:2      | Reached skill level 1 in Evocations
  1663 | D:2      | Reached XP level 4. HP: 34/34 MP: 9/11
  2089 | D:3      | Reached skill level 1 in Conjurations
  2089 | D:3      | Reached skill level 1 in Hexes
  2089 | D:3      | Reached skill level 1 in Summonings
  2089 | D:3      | Reached skill level 1 in Necromancy
  2089 | D:3      | Reached skill level 1 in Translocations
  2089 | D:3      | Reached skill level 1 in Fire Magic
  2089 | D:3      | Reached skill level 1 in Ice Magic
  2089 | D:3      | Reached skill level 1 in Air Magic
  2089 | D:3      | Reached skill level 1 in Earth Magic
  2089 | D:3      | Reached skill level 1 in Poison Magic
  2383 | D:3      | Found a snail-covered altar of Cheibriados.
  3098 | D:4      | Reached XP level 5. HP: 37/40 MP: 10/12
  3428 | D:4      | Noticed an ogre
  3493 | D:4      | Noticed Duvessa
  3493 | D:4      | Noticed Dowan
  3535 | D:4      | Killed Duvessa
  3536 | D:4      | Reached skill level 5 in Dodging
  3536 | D:4      | Reached XP level 6. HP: 40/47 MP: 11/14
  3584 | D:4      | Killed Dowan
  3716 | D:4      | Reached XP level 7. HP: 52/52 MP: 9/15
  3933 | D:4      | Noticed Natasha
  3934 | D:4      | Upgraded the game from 0.30-a0-629-gd54f4be4f7 to
                  | 0.30-a0-652-gcc886f7154
  3942 | D:4      | Killed Natasha
  4290 | D:4      | Noticed Natasha
  4300 | D:4      | Killed Natasha
  4381 | D:4      | Noticed Natasha
  4388 | D:4      | Killed Natasha
  4396 | D:5      | Entered Level 5 of the Dungeon
  4526 | D:5      | Found a sacrificial altar of Ru.
  4791 | D:5      | Found Laopnoq's Distillery.
  4800 | D:5      | Reached XP level 8. HP: 60/60 MP: 7/16
  4860 | D:5      | Bought a potion of curing for 33 gold pieces
  4860 | D:5      | Bought a potion of haste for 110 gold pieces
  5119 | D:5      | Noticed Eustachio
  5248 | D:5      | Killed Eustachio
  5458 | D:5      | Found Qiofuas's Assorted Antiques.
  5467 | D:5      | Bought a crude sapphire amulet for 120 gold pieces
  5467 | D:5      | Identified the amulet of Beryd {Spirit rPois} (You bought
                  | it in a shop on level 5 of the Dungeon)
  5494 | D:5      | Identified the +3 ring mail of Patience {rC+}
  5820 | D:6      | Found a bloodstained altar of Trog.
  5828 | D:6      | Noticed Prince Ribbit
  5843 | D:6      | Killed Prince Ribbit
  5844 | D:6      | Reached skill level 6 in Dodging
  5844 | D:6      | Reached skill level 5 in Transmutations
  5998 | D:6      | Found a staircase to the Ecumenical Temple.
  6003 | Temple   | Entered the Ecumenical Temple
  6012 | Temple   | Became a worshipper of Ashenzari the Shackled
  6130 | D:6      | Reached XP level 9. HP: 66/66 MP: 10/18
  6246 | D:6      | Identified the +1 leather armour "Sapnokli" {+Blink rF+
                  | Str+4 Dex-2}
  6426 | D:6      | Found a shimmering altar of Xom.
  6766 | D:6      | Reached skill level 5 in Fighting
  6809 | D:6      | Found a basalt altar of Yredelemnul.
  7198 | D:7      | Found a runed translucent door.
  7198 | D:7      | Found a shimmering altar of Xom.
  7198 | D:7      | Noticed a +0 rapier of chaos
  7198 | D:7      | Noticed spirosbanana's ghost (novice MiBe)
  7217 | D:7      | Found a flagged portal.
  7265 | Bailey   | Entered a bailey
  7529 | Bailey   | Reached skill level 5 in Invocations
  7724 | Bailey   | Reached * piety under Ashenzari
  7724 | Bailey   | Identified a scroll of acquirement
  7729 | Bailey   | Acquired the Unrestrained Analects
  7844 | Bailey   | Identified Geocumoc's Spellbook of Stormy Orientation
  7844 | Bailey   | Noticed an orc knight
  7856 | Bailey   | Killed an orc knight
  7859 | Bailey   | Reached skill level 5 in Short Blades
  7859 | Bailey   | Reached skill level 5 in Long Blades
  7859 | Bailey   | Reached skill level 5 in Axes
  7859 | Bailey   | Reached skill level 5 in Maces & Flails
  7859 | Bailey   | Reached skill level 5 in Polearms
  7859 | Bailey   | Reached skill level 5 in Staves
  7859 | Bailey   | Reached skill level 5 in Ranged Weapons
  7859 | Bailey   | Reached skill level 5 in Throwing
  7859 | Bailey   | Reached skill level 5 in Armour
  7859 | Bailey   | Reached skill level 5 in Stealth
  7859 | Bailey   | Reached skill level 5 in Shields
  7859 | Bailey   | Reached skill level 5 in Evocations
  7859 | Bailey   | Reached XP level 10. HP: 65/76 MP: 11/20
  7872 | Bailey   | Learned a level 4 spell: Olgreb's Toxic Radiance
  7877 | Bailey   | Learned a level 4 spell: Passage of Golubria
  8037 | D:7      | Reached skill level 7 in Dodging
  8248 | D:7      | Learned a level 4 spell: Dispel Undead
  8298 | D:7      | Found an ornate altar of the Wu Jian Council.
  8305 | D:7      | Found a sparkling altar of Nemelex Xobeh.
  8310 | D:7      | Found an ancient bone altar of Kikubaaqudgha.
  8674 | D:7      | Found a hazy altar of Hepliaklqana.
  9057 | D:8      | Noticed Maurice
  9129 | D:8      | Identified the +0 pair of gloves of the Ten Portals {Dex+3}
  9167 | D:8      | Killed Maurice
  9223 | D:8      | Noticed a two-headed ogre
  9244 | D:8      | Killed a two-headed ogre
  9407 | D:8      | Reached skill level 5 in Conjurations
  9407 | D:8      | Reached skill level 5 in Hexes
  9407 | D:8      | Reached skill level 5 in Summonings
  9407 | D:8      | Reached skill level 5 in Necromancy
  9407 | D:8      | Reached skill level 5 in Translocations
  9407 | D:8      | Reached skill level 5 in Fire Magic
  9407 | D:8      | Reached skill level 5 in Ice Magic
  9407 | D:8      | Reached skill level 5 in Air Magic
  9407 | D:8      | Reached skill level 5 in Earth Magic
  9407 | D:8      | Reached skill level 5 in Poison Magic
  9528 | D:8      | Reached ** piety under Ashenzari
  9534 | D:8      | Found a staircase to the Lair.
  9561 | D:8      | Noticed a two-headed ogre
  9593 | D:8      | Killed a two-headed ogre
  9594 | D:8      | Reached XP level 11. HP: 83/83 MP: 14/23
  9850 | D:8      | a shapeshifter changed into a fire crab
  9850 | D:8      | Noticed a fire crab (shapeshifter)
  9862 | D:8      | a fire crab changed into a manticore
  9862 | D:8      | Noticed a manticore (shapeshifter)
  9872 | D:8      | Killed a manticore
 10217 | D:9      | Found a transporter.
 10217 | D:9      | Found a one-way gate to the infinite horrors of the Abyss.
 10217 | D:9      | Noticed Dominolapin's ghost (journeyman MiMo)
 10263 | D:9      | Acquired the +7 triple sword "Ifuanukh" {elec, Str+3}
 11034 | D:8      | Identified the cursed +0 helmet of Cremastomancy {Cun,
                  | Comp} (You found it on level 4 of the Dungeon)
 11034 | D:8      | Identified the cursed +0 pair of boots of the Sidereal
                  | Boredom {Fort, Range} (You found it on level 3 of the
                  | Dungeon)
 11051 | D:9      | Reached skill level 8 in Dodging
 11262 | D:9      | Found a staircase to the Orcish Mines.
 11322 | D:9      | Reached *** piety under Ashenzari
 11434 | D:9      | Found Xeli's Magic Scroll Boutique.
 11459 | D:9      | Noticed a worldbinder
 11465 | D:9      | Found a transporter.
 11489 | D:9      | Noticed a skeletal warrior
 11549 | D:10     | Entered Level 10 of the Dungeon
 12135 | D:10     | Found Soruinet's Serpentskin Sales.
 12384 | D:11     | Found Moavonuu's Antique Armour Boutique.
 12396 | D:11     | Bought a pair of embroidered boots for 135 gold pieces
 12396 | D:11     | Bought a bloodstained scale mail for 162 gold pieces
 12396 | D:11     | Identified the +4 scale mail of a Gauntlet {Contam Rampage
                  | rF+++ Regen+} (You bought it in a shop on level 11 of the
                  | Dungeon)
 12426 | D:11     | Noticed a two-headed ogre
 12437 | D:11     | Killed a two-headed ogre
 12563 | D:11     | Noticed Psyche
 12571 | D:11     | Noticed Urug
 12572 | D:11     | Killed Psyche
 12582 | D:11     | Killed Urug
 12909 | D:11     | Noticed a manticore
 12918 | D:11     | Killed a manticore
 13038 | D:11     | Noticed a cyclops
 13051 | D:11     | Killed a cyclops
 13132 | D:11     | Noticed Lodul
 13147 | D:11     | Killed Lodul
 13148 | D:11     | Reached XP level 12. HP: 67/91 MP: 6/24
 13328 | D:11     | Noticed Nergalle
 13339 | D:11     | Noticed a two-headed ogre
 13340 | D:11     | Killed Nergalle
 13363 | D:11     | Killed a two-headed ogre
 13894 | D:11     | Reached skill level 10 in Unarmed Combat
 13992 | D:11     | Upgraded the game from 0.30-a0-652-gcc886f7154 to
                  | 0.30-a0-672-gc3a7216ad8
 14126 | Lair:1   | Entered Level 1 of the Lair of Beasts
 14164 | Lair:1   | Reached **** piety under Ashenzari
 14295 | Lair:1   | Learned a level 5 spell: Borgnjor's Vile Clutch
 14573 | Lair:1   | Reached skill level 9 in Dodging
 14847 | Lair:1   | Noticed Amaemon
 14860 | Lair:1   | Killed Amaemon
 15651 | Lair:2   | Learned a level 6 spell: Eringya's Noxious Bog
 15656 | Lair:2   | Found a staircase to the Shoals.
 16062 | Lair:2   | Reached XP level 13. HP: 99/99 MP: 18/26
 16808 | Lair:3   | Noticed Sonja
 16808 | Lair:3   | Found a frozen archway.
 16817 | Lair:3   | Killed Sonja
 16846 | IceCv    | Entered an ice cave
 17183 | IceCv    | Reached skill level 10 in Spellcasting
 17852 | IceCv    | Noticed a frost giant
 17857 | IceCv    | Reached skill level 10 in Dodging
 17863 | IceCv    | Killed a frost giant
 17880 | IceCv    | Found the +2 Maxwell's thermic engine {flame, freeze}
 17883 | IceCv    | Found the +8 storm bow {elec, penet}
 18364 | Lair:3   | Reached XP level 14. HP: 108/108 MP: 26/28
 18364 | Lair:3   | Reached skill level 10 in Invocations
 18364 | Lair:3   | Reached XP level 15. HP: 115/115 MP: 26/29
 18499 | Lair:3   | Found a hole to the Spider Nest.
 18519 | Lair:3   | Reached skill level 10 in Fighting
 19967 | Lair:5   | Entered Level 5 of the Lair of Beasts
 20274 | Lair:5   | Reached skill level 10 in Short Blades
 20274 | Lair:5   | Reached skill level 10 in Long Blades
 20274 | Lair:5   | Reached skill level 10 in Axes
 20274 | Lair:5   | Reached skill level 10 in Maces & Flails
 20274 | Lair:5   | Reached skill level 10 in Polearms
 20274 | Lair:5   | Reached skill level 10 in Staves
 20274 | Lair:5   | Reached skill level 10 in Ranged Weapons
 20274 | Lair:5   | Reached skill level 10 in Throwing
 20274 | Lair:5   | Reached skill level 10 in Armour
 20274 | Lair:5   | Reached skill level 11 in Dodging
 20274 | Lair:5   | Reached skill level 10 in Stealth
 20274 | Lair:5   | Reached skill level 10 in Shields
 20274 | Lair:5   | Reached skill level 10 in Evocations
 20286 | Lair:5   | Reached ***** piety under Ashenzari
 20877 | Lair:5   | Identified the +3 hand axe "Tousy" {flame, *Corrode Dex+3}
 20918 | Lair:5   | Found a corrupted altar of Lugonu.
 21260 | Lair:5   | Found a staircase to the Slime Pits.
 21274 | Lair:5   | Found a viscous altar of Jiyva.
 22689 | D:12     | Reached XP level 16. HP: 124/124 MP: 31/31
 23840 | D:7      | Killed spirosbanana's ghost
 23967 | Orc:1    | Entered Level 1 of the Orcish Mines
 24185 | Orc:1    | Noticed Erolcha
 24192 | Orc:1    | Killed Erolcha
 24209 | Orc:1    | Noticed Josephine
 24222 | Orc:1    | Killed Josephine
 24553 | Orc:2    | Entered Level 2 of the Orcish Mines
 24629 | Orc:2    | Found Medghialo's Magic Scroll Boutique.
 24666 | Orc:2    | Found a staircase to the Elven Halls.
 24688 | Orc:2    | Found a runed translucent door.
 24691 | Orc:2    | Found a shimmering altar of Xom.
 24691 | Orc:2    | Noticed dunno567's ghost (journeyman TrTm)
 24711 | Orc:2    | Killed dunno567's ghost
 25060 | Orc:2    | Noticed Azrael
 25068 | Orc:2    | Reached skill level 10 in Transmutations
 25080 | Orc:2    | Killed Azrael
 25420 | Orc:2    | Noticed Jorgrun
 25439 | Orc:2    | Killed Jorgrun
 25850 | Orc:2    | Found Afonyom's Antique Armour Boutique.
 25852 | Orc:2    | Found Hailum's Antique Weapon Shop.
 25859 | Orc:2    | Bought an ichor-stained cloak for 361 gold pieces
 25859 | Orc:2    | Identified the +0 cloak "Doal Gour" {Harm rPois Str+4
                  | Dex-2} (You bought it in a shop on level 2 of the Orcish
                  | Mines)
 25865 | Orc:2    | Bought a steaming rapier for 333 gold pieces
 25865 | Orc:2    | Identified the +5 rapier of Spores {freeze, Int+4} (You
                  | bought it in a shop on level 2 of the Orcish Mines)
 25915 | Orc:2    | Found Ynamett's Antique Armour Shop.
 25923 | Orc:2    | Bought a glowing helmet for 142 gold pieces
 26210 | D:14     | Reached skill level 12 in Dodging
 26231 | D:14     | Learned a level 5 spell: Yara's Violent Unravelling
 26234 | D:14     | Found a gate leading to a gauntlet.
 26242 | Gauntlet | Entered a Gauntlet
 26242 | Gauntlet | Found a transporter.
 26243 | Gauntlet | Found a large runed translucent door.
 26244 | Gauntlet | Found a large runed translucent door.
 26245 | Gauntlet | Found a large runed translucent door.
 26245 | Gauntlet | Found a large runed translucent door.
 26245 | Gauntlet | Found a runed translucent door.
 26246 | Gauntlet | Found a large runed translucent door.
 26247 | Gauntlet | Found a large runed translucent door.
 26247 | Gauntlet | Found a runed translucent door.
 26248 | Gauntlet | Found a large runed translucent door.
 26248 | Gauntlet | Found a large runed translucent door.
 26248 | Gauntlet | Found a large runed translucent door.
 26248 | Gauntlet | Found a large runed translucent door.
 26248 | Gauntlet | Found a large runed translucent door.
 26248 | Gauntlet | Found a large runed translucent door.
 26249 | Gauntlet | Found a runed translucent gate.
 26249 | Gauntlet | Found a runed translucent gate.
 26249 | Gauntlet | Found a runed translucent gate.
 26251 | Gauntlet | Found a transporter.
 26261 | Gauntlet | Found a large runed translucent door.
 26262 | Gauntlet | Found a large runed translucent door.
 26267 | Gauntlet | Found a transporter.
 26275 | Gauntlet | Found a transporter.
 26300 | Gauntlet | Found a transporter.
 26305 | Gauntlet | Identified the ring "Zerghaxe" {Fire Will++ Int+4}
 26309 | Gauntlet | Found a transporter.
 26321 | Gauntlet | Found a transporter.
 26333 | Gauntlet | Found a transporter.
 26335 | Gauntlet | Identified the ring of Knowledge {AC+4 Str-2 Int+5}
 26345 | Gauntlet | Found a transporter.
 26357 | Gauntlet | Found a transporter.
 26374 | Gauntlet | Found a transporter.
 26391 | Gauntlet | Found a transporter.
 26393 | Gauntlet | Found a transporter.
 26424 | Gauntlet | Found a transporter.
 26426 | Gauntlet | Found a transporter.
 26426 | Gauntlet | Found a transporter.
 26451 | Gauntlet | Found a large runed translucent door.
 26452 | Gauntlet | Found a large runed translucent door.
 26454 | Gauntlet | Found a transporter.
 26456 | Gauntlet | Found a transporter.
 26980 | D:14     | Found a gate to the Vaults.
 27080 | D:14     | Identified Gaipn's Papyrus of the Vector
 27397 | D:15     | Entered Level 15 of the Dungeon
 27594 | D:15     | Reached XP level 17. HP: 133/133 MP: 20/33
 27791 | D:15     | Found Ixtiene's Antique Armour Emporium.
 27932 | D:15     | Found a snail-covered altar of Cheibriados.
 28160 | D:15     | Found a staircase to the Depths.
 28446 | Spider:1 | Entered Level 1 of the Spider Nest
 29246 | Spider:1 | Noticed Nikola
 29257 | Spider:1 | Killed Nikola
 29936 | Spider:1 | Reached skill level 10 in Conjurations
 29936 | Spider:1 | Reached skill level 10 in Hexes
 29936 | Spider:1 | Reached skill level 10 in Summonings
 29936 | Spider:1 | Reached skill level 10 in Necromancy
 29936 | Spider:1 | Reached skill level 10 in Translocations
 29936 | Spider:1 | Reached skill level 10 in Fire Magic
 29936 | Spider:1 | Reached skill level 10 in Ice Magic
 29936 | Spider:1 | Reached skill level 10 in Air Magic
 29936 | Spider:1 | Reached skill level 10 in Earth Magic
 29936 | Spider:1 | Reached skill level 10 in Poison Magic
 30284 | Spider:2 | Noticed Arachne
 30305 | Spider:2 | Killed Arachne
 31730 | Spider:2 | Reached skill level 13 in Dodging
 31906 | Spider:2 | Noticed an acid blob
 31912 | Spider:2 | Killed an acid blob
 32146 | Spider:3 | Reached XP level 18. HP: 141/141 MP: 35/35
 32327 | Spider:3 | Noticed Kirke
 32334 | Spider:3 | Killed Kirke
 32488 | Spider:3 | Noticed Louise
 32496 | Spider:3 | Killed Louise
 33021 | Spider:3 | Noticed Roxanne
 33082 | Spider:3 | Killed Roxanne
 33091 | Spider:3 | Learned a level 5 spell: Lee's Rapid Deconstruction
 33569 | Spider:4 | Entered Level 4 of the Spider Nest
 33951 | Spider:4 | Found a transporter.
 33951 | Spider:4 | Noticed Pogruont's ghost (adept FoHu)
 33968 | Spider:4 | Found a transporter.
 34323 | Spider:4 | Noticed Mara
 34331 | Spider:4 | Noticed Turgor's illusion
 34331 | Spider:4 | Killed Mara
 36244 | Spider:4 | Reached XP level 19. HP: 149/149 MP: 0/36
 36436 | Spider:4 | Identified the +1 pair of gloves of Sin {Str+2}
 36464 | Spider:4 | Got a gossamer rune of Zot
 36710 | Shoals:1 | Entered Level 1 of the Shoals
 36772 | Shoals:1 | Found Axkidduo's General Store.
 36785 | Shoals:1 | Bought a potion of curing for 36 gold pieces
 36785 | Shoals:1 | Bought a scroll of teleportation for 36 gold pieces
 36785 | Shoals:1 | Bought a scroll of magic mapping for 90 gold pieces
 36845 | Shoals:1 | Found Quibiyv's Assorted Antiques.
 37219 | Shoals:1 | Found Hugga's Magic Scroll Boutique.
 37285 | Shoals:1 | Bought a scroll of fear for 64 gold pieces
 37285 | Shoals:1 | Bought a scroll of summoning for 152 gold pieces
 37286 | Shoals:1 | Found Rowuacs's Antique Armour Boutique.
 37299 | Shoals:1 | Noticed Frances
 37319 | Shoals:1 | Killed Frances
 37379 | Shoals:1 | Found Ziakeha's Jewellery Boutique.
 37390 | Shoals:1 | Bought the ring "Biacaof" {Wiz rCorr Int+3 Dex+3 SInv} for
                  | 891 gold pieces
 38001 | Shoals:2 | Reached skill level 14 in Dodging
 38222 | Shoals:2 | Noticed Aizul
 38234 | Shoals:2 | Killed Aizul
 38397 | Shoals:2 | Identified the +3 spear of the Old World {freeze, rPois
                  | Str-3 Dex+6}
 38610 | Shoals:2 | Identified the ring of Ymoy {*Slow +Blink Str+6 Int-5
                  | Slay+4}
 39719 | Shoals:3 | Acquired the +2 pair of slick slippers {slick, slippery,
                  | EV+5}
 39719 | Shoals:3 | Found the +2 pair of slick slippers {slick, slippery, EV+5}
 40055 | Shoals:4 | Entered Level 4 of the Shoals
 40387 | Shoals:4 | Noticed Polyphemus
 40438 | Shoals:4 | Reached skill level 15 in Unarmed Combat
 40673 | Shoals:4 | Got a barnacled rune of Zot
 40766 | Shoals:4 | Identified the +2 ring mail of the Prince of Darkness
                  | {+Blink}
 41365 | Shoals:4 | Reached XP level 20. HP: 151/159 MP: 26/38
 41567 | Shoals:4 | Killed Polyphemus
 41740 | Shoals:4 | Reached skill level 15 in Invocations
 42503 | Vaults:1 | Entered Level 1 of the Vaults
 43089 | Vaults:1 | Identified the +10 hand axe of Fragile Peace {pain, rCorr
                  | Str-5 Dex-5 SInv}
 43861 | Vaults:1 | Reached skill level 15 in Spellcasting
 44289 | Vaults:2 | Reached skill level 15 in Dodging
 44452 | Vaults:2 | Noticed Sojobo
 44467 | Vaults:2 | Paralysed by an air elemental for 1 turns
 44472 | Vaults:2 | Killed Sojobo
 44636 | Vaults:2 | Noticed Zenata
 44644 | Vaults:2 | Reached XP level 21. HP: 142/166 MP: 33/40
 44657 | Vaults:2 | Killed Zenata
 44815 | Abyss:2  | Cast into level 2 of the Abyss (a wizard)
 44828 | Vaults:2 | Escaped the Abyss
 45479 | Vaults:2 | Noticed Bai Suzhen
 45487 | Vaults:2 | Killed Bai Suzhen
 45730 | Vaults:3 | Reached skill level 15 in Fighting
 45924 | Vaults:3 | Found Kieza's Jewellery Shop.
 45928 | Vaults:3 | Identified the +1 ring mail "Weis" {Contam Rampage +Blink}
 46089 | Vaults:3 | Found a staircase to the Crypt.
 46350 | Vaults:3 | Found Fisiweiheo's Antique Weapon Emporium.
 47434 | Vaults:4 | Reached skill level 15 in Short Blades
 47434 | Vaults:4 | Reached skill level 15 in Long Blades
 47434 | Vaults:4 | Reached skill level 15 in Axes
 47434 | Vaults:4 | Reached skill level 15 in Maces & Flails
 47434 | Vaults:4 | Reached skill level 15 in Polearms
 47434 | Vaults:4 | Reached skill level 15 in Staves
 47434 | Vaults:4 | Reached skill level 15 in Ranged Weapons
 47434 | Vaults:4 | Reached skill level 15 in Throwing
 47434 | Vaults:4 | Reached skill level 15 in Armour
 47434 | Vaults:4 | Reached skill level 15 in Stealth
 47434 | Vaults:4 | Reached skill level 15 in Shields
 47434 | Vaults:4 | Reached skill level 15 in Evocations
 48270 | D:9      | Killed Dominolapin's ghost
 48503 | Depths:1 | Entered Level 1 of the Depths
 48503 | Depths:1 | Found a snail-covered altar of Cheibriados.
 48782 | Depths:1 | Reached XP level 22. HP: 159/175 MP: 36/41
 48802 | Depths:1 | HP: 1/175 [caustic shrike simulacrum[a necromancer] (37)]
 49863 | Depths:1 | Found a gateway to Hell.
 50264 | Depths:1 | Identified the Papyrus of the Curse
 50489 | Depths:2 | Noticed Grunn
 50583 | Depths:2 | Noticed a dread lich
 50584 | Depths:2 | Found a one-way gateway to a ziggurat.
 50584 | Depths:2 | Noticed an ancient lich
 50598 | Depths:2 | Reached skill level 16 in Dodging
 50608 | Depths:2 | Killed a dread lich
 50639 | Depths:2 | Found a flickering gateway to a bazaar.
 50653 | Bazaar   | Entered a bazaar
 50659 | Bazaar   | Found Vainwoo's Book Shop.
 50659 | Bazaar   | Found Ytupast's Jewellery Boutique.
 50673 | Bazaar   | Bought the ring of the Original Sin {rN++ Will+ rCorr
                  | Str+6} for 582 gold pieces
 50675 | Bazaar   | Bought a Necronomicon for 616 gold pieces
 50846 | Depths:2 | Upgraded the game from 0.30-a0-672-gc3a7216ad8 to
                  | 0.30-a0-691-g754fce4c43
 50942 | Depths:2 | Killed Grunn
 51155 | Depths:2 | Identified the ring "Coycey" {rF+ Dex+2}
 51325 | Depths:2 | Found a one-way gate leading to the halls of Pandemonium.
 51399 | Depths:2 | Noticed Saint Roka
 51433 | Depths:2 | Killed Saint Roka
 52099 | Depths:2 | Found a shimmering blue altar of Sif Muna.
 52100 | Depths:2 | Identified the ring "Esodel" {rElec rCorr Int+7 Dex-5}
 52337 | Depths:2 | Killed an ancient lich
 52572 | Depths:3 | Reached XP level 23. HP: 76/184 MP: 3/43
 53010 | Elf:1    | Entered Level 1 of the Elven Halls
 53178 | Elf:1    | Noticed Agnes
 53181 | Elf:1    | Killed Agnes
 53302 | Elf:1    | Found a magical portal.
 53307 | WizLab   | Entered Zonguldrok's Shrine
 53538 | WizLab   | Noticed an antique lich
 53549 | WizLab   | Killed an antique lich
 53550 | WizLab   | Found the +9 sword of Zonguldrok {reap}
 54048 | Elf:1    | Found Upudgh's Weapon Shop.
 54299 | Elf:1    | Found Natal's Needful Niceties.
 54502 | Elf:2    | Found Hang's Armour Shoppe.
 54741 | Elf:2    | Found a runed translucent gate.
 54741 | Elf:2    | Found a runed translucent gate.
 54746 | Elf:2    | Found a runed translucent gate.
 55030 | Elf:2    | Identified the +3 scale mail of the Eight Lives {+Blink
                  | rN+}
 55042 | Elf:2    | Paralysed by an air elemental for 1 turns
 55448 | Elf:3    | Entered Level 3 of the Elven Halls
 57312 | Elf:3    | Reached skill level 17 in Dodging
 57346 | Elf:3    | Identified the +3 scimitar of Focus {heavy, *Rage rPois rF+
                  | rN+}
 57707 | Elf:3    | Reached XP level 24. HP: 154/193 MP: 18/44
 57951 | Elf:3    | Found a radiant altar of Vehumet.
 58028 | Elf:3    | Identified the +4 acid dragon scales "Jisoneol" {rElec
                  | Regen+ rCorr Slay+5}
 58124 | Elf:3    | Upgraded the game from 0.30-a0-691-g754fce4c43 to
                  | 0.30-a0-696-g2367cd04db
 58131 | Elf:3    | Identified the +8 dagger of Defiance {vamp, Dex+5}
 58217 | Elf:3    | Identified the ring of the Philosopher {MP-9 Int+6 Dex+6}
 58402 | Elf:3    | Identified the ring of Upnureymm {Fly MP+9 Int+9 Dex-4
                  | Stlth-}
 58583 | Elf:3    | Identified Han Rey's Omnibus of Degeneration and Open
                  | Graves
 58632 | Elf:3    | Identified Aragant's Precepts of Invitation
 58632 | Elf:3    | Identified the +1 pair of gloves of Dyemmog {Harm rF- rC++
                  | rN+}
 59299 | Depths:1 | Voluntarily entered the Abyss.
 59312 | Abyss:2  | Found a corrupted altar of Lugonu.
 59537 | Abyss:2  | Found a corrupted altar of Lugonu.
 59549 | Abyss:3  | Found a corrupted altar of Lugonu.
 59623 | Abyss:3  | Found a corrupted altar of Lugonu.
 59683 | Abyss:3  | Found a corrupted altar of Lugonu.
 59687 | Abyss:3  | Found an iron altar of Okawaru.
 59754 | Abyss:3  | Found a corrupted altar of Lugonu.
 59795 | Abyss:3  | Paralysed by accursed screaming for 1 turns
 59832 | Abyss:3  | Found a corrupted altar of Lugonu.
 59878 | Abyss:3  | Found a corrupted altar of Lugonu.
 59893 | Abyss:3  | Got an abyssal rune of Zot
 59900 | Depths:1 | Escaped the Abyss
 61133 | Slime:1  | Entered Level 1 of the Pits of Slime
 61208 | Slime:4  | Noticed Dissolution
 61216 | Slime:4  | Killed Dissolution
 61238 | Slime:4  | Found a shimmering altar of Xom.
 61783 | Slime:3  | Learned a level 8 spell: Infestation
 61792 | Slime:3  | Learned a level 8 spell: Ignition
 61895 | Slime:3  | Reached skill level 15 in Transmutations
 62290 | Slime:1  | Paralysed by a great orb of eyes for 4 turns
 62697 | Slime:2  | Gained mutation: You are dopey. (Int -2) [a shining eye]
 62776 | Slime:2  | Reached XP level 25. HP: 208/208 MP: 45/46
 63033 | Slime:5  | Entered Level 5 of the Pits of Slime
 63055 | Slime:5  | Noticed the Royal Jelly
 63597 | Slime:5  | Killed the Royal Jelly
 63633 | Slime:5  | Identified the cursed +2 cloak of Ashenzari's Orthodoxy
                  | {Melee, Alch} (You found it on level 1 of the Spider Nest)
 63633 | Slime:5  | Identified the cursed +2 helmet "Cryptic Yoke" {Fort, Bglg}
                  | (You found it on level 14 of the Dungeon)
 63761 | Slime:5  | Identified the ring of Tixkugy {rElec Dex+6}
 63761 | Slime:5  | Identified the +4 battleaxe of Tartarus {drain, *Corrode
                  | rPois rN+}
 63761 | Slime:5  | Identified the +7 whip of Conformity {flame, Will+}
 63762 | Slime:5  | Found the +9 staff of Wucad Mu {*channel}
 63762 | Slime:5  | Identified the +9 sling "Ysoalimm" {drain, Str+2}
 63764 | Slime:5  | Found the +3 pair of gauntlets of War {Slay+5}
 63764 | Slime:5  | Identified the ring of Laloth {rF+ rN+ Int+5 Dex-3}
 63773 | Slime:5  | Got a slimy rune of Zot
 63852 | Slime:5  | Gained mutation: You occasionally shout uncontrollably at
                  | your foes. [a shining eye]
 63854 | Slime:5  | Lost mutation: You occasionally shout uncontrollably at
                  | your foes. [potion of mutation]
 63854 | Slime:5  | Lost mutation: You are dopey. (Int -2) [potion of mutation]
 63854 | Slime:5  | Gained mutation: You are robust. (+10% HP) [potion of
                  | mutation]
 63854 | Slime:5  | Gained mutation: You have hidden genetic potential. [potion
                  | of mutation]
 65178 | Depths:3 | Found Gozag's Platinum Reserve.
 65239 | Depths:3 | Found an opulent altar of Gozag.
 65371 | Depths:3 | Found Guru's Book Emporium.
 65403 | Depths:4 | Entered Level 4 of the Depths
 65409 | Depths:4 | Noticed Vv
 65411 | Depths:4 | Reached skill level 18 in Dodging
 65419 | Depths:4 | Killed Vv
 65718 | Depths:4 | Noticed a juggernaut
 65730 | Depths:4 | Killed a juggernaut
 65812 | Depths:4 | Reached skill level 15 in Conjurations
 65812 | Depths:4 | Reached skill level 15 in Hexes
 65812 | Depths:4 | Reached skill level 15 in Summonings
 65812 | Depths:4 | Reached skill level 15 in Necromancy
 65812 | Depths:4 | Reached skill level 15 in Translocations
 65812 | Depths:4 | Reached skill level 15 in Fire Magic
 65812 | Depths:4 | Reached skill level 15 in Ice Magic
 65812 | Depths:4 | Reached skill level 15 in Air Magic
 65812 | Depths:4 | Reached skill level 15 in Earth Magic
 65812 | Depths:4 | Reached skill level 15 in Poison Magic
 66115 | Depths:4 | Found a gate to the Realm of Zot.
 66688 | Vaults:5 | Entered Level 5 of the Vaults
 66698 | Vaults:5 | Identified the +5 dagger "Poal" {antimagic, Int+5}
 66705 | Vaults:5 | Reached XP level 26. HP: 222/239 MP: 15/47
 66716 | Vaults:5 | Noticed an ancient lich
 66723 | Vaults:5 | Identified the +7 plate armour "Waaw" {-Tele rC++ Regen+
                  | rCorr}
 66732 | Vaults:5 | Killed an ancient lich
 66772 | Vaults:4 | Gained mutation: You have sharp toenails. [hidden
                  | potential]
 67186 | Vaults:5 | Identified the ring of Efequal {Ice Drain rElec Str+2 SInv}
 67187 | Vaults:5 | Identified the +1 leather armour of Loss {rElec rC++ MP-9
                  | Int-5}
 67347 | Vaults:5 | Acquired 824 gold pieces
 67403 | Vaults:5 | Got a silver rune of Zot
 67478 | Vaults:5 | Identified the +5 ring mail "Kiova" {rN+}
 67618 | Vaults:5 | Identified the +5 kite shield of Insatiable Hunger {rC-
                  | Will++ Regen+ Dex+3}
 67727 | Vaults:5 | Identified Ympygij's Tome of Mud
 67788 | Vaults:5 | Identified the +2 leather armour of the Harvest {Int+3}
 68453 | Zot:1    | Entered Level 1 of the Realm of Zot
 68757 | Zot:1    | Reached skill level 19 in Dodging
 69927 | Zot:2    | Noticed an orb of fire
 70122 | Zot:2    | Reached XP level 27. HP: 248/248 MP: 44/48
 70131 | Zot:2    | Learned a level 8 spell: Necromutation
 70270 | Zot:2    | Killed an orb of fire
 71856 | Zot:3    | Noticed Parghit
 71897 | Zot:3    | Killed Parghit
 71999 | Zot:3    | Reached skill level 20 in Dodging
 73616 | Zot:5    | Entered Level 5 of the Realm of Zot
 74411 | Crypt:1  | Entered Level 1 of the Crypt
 74947 | Crypt:1  | Identified the Elucidation of the Vitriolic Chill
 75696 | Crypt:2  | Gained mutation: You possess an exceptional clarity of
                  | mind. [hidden potential]
 75696 | Crypt:2  | Lost mutation: You have hidden genetic potential. [hidden
                  | potential expressed]
 75815 | Crypt:2  | Reached skill level 21 in Dodging
 76514 | Crypt:2  | Noticed Xtahua
 76519 | Crypt:2  | Killed Xtahua
 76657 | Crypt:3  | Entered Level 3 of the Crypt
 76657 | Crypt:3  | Identified the +8 falchion of the Walnut {holy, rF++ rC-
                  | rN+ Dex+4}
 76879 | Crypt:3  | Identified the ring "Vunegiunk" {rPois rC- rN+ Dex+4
                  | Stlth+}
 76879 | Crypt:3  | Identified the ring "Amaphemp" {rF- rN+ Int+8 SInv}
 77120 | Crypt:3  | Found a staircase to the Tomb.
 77654 | Crypt:3  | Noticed Jory
 77662 | Crypt:3  | Killed Jory
 77663 | Crypt:3  | Identified the +8 battleaxe "Ilaege" {speed, Str+3}
 77664 | Crypt:3  | Identified the +5 shortbow "Nunto" {freeze, *Corrode
                  | Will++}
 77664 | Crypt:3  | Identified the +6 trident of Conformity {drain, rN+++ Will-
                  | rCorr Stlth-}
 77968 | Crypt:3  | Identified the Reference Book on Blasphemous Secrets
 78057 | Crypt:3  | Acquired 1154 gold pieces
 78495 | Zig:1    | Entered Level 1 of a ziggurat
 78510 | Zig:2    | Entered Level 2 of a ziggurat
 78532 | Zig:3    | Entered Level 3 of a ziggurat
 78618 | Zig:4    | Entered Level 4 of a ziggurat
 78618 | Zig:4    | Identified the +1 plate armour of Hospitality {rC+ Dex+3}
 78690 | Zig:5    | Entered Level 5 of a ziggurat
 78691 | Zig:5    | Identified the amulet "Nuelarud" {RegenMP Int+6 SInv}
 78917 | Zig:5    | Acquired 827 gold pieces
 78929 | Zig:6    | Entered Level 6 of a ziggurat
 79031 | Zig:7    | Entered Level 7 of a ziggurat
 79035 | Zig:7    | Identified the +7 trident of Wyrd {flame, rF++ rCorr}
 79038 | Zig:7    | Reached skill level 22 in Dodging
 79164 | Zig:8    | Entered Level 8 of a ziggurat
 79168 | Zig:8    | Identified the Handbook of Vitiation and Ceraunoscopy
 79174 | Zig:8    | Identified the +1 scale mail "Ticietirph" {rF+}
 79293 | Zig:9    | Entered Level 9 of a ziggurat
 79308 | Zig:9    | Found the dreamshard necklace {*Dream Drain}
 79375 | Zig:10   | Entered Level 10 of a ziggurat
 79378 | Zig:10   | Noticed a royal mummy
 79385 | Zig:10   | Noticed a royal mummy
 79386 | Zig:10   | Killed a royal mummy
 79387 | Zig:10   | Killed a royal mummy
 79390 | Zig:10   | Identified the Notes on Relocation and Conjury
 79390 | Zig:10   | Found the +10 morningstar "Eos" {elec, Halo rElec}
 79391 | Zig:10   | Identified the +4 scale mail of the Eternal Void {Drain
                  | +Inv rCorr}
 79530 | Zig:11   | Entered Level 11 of a ziggurat
 79536 | Zig:11   | Noticed a dread lich
 79563 | Zig:11   | Killed a dread lich
 79742 | Zig:11   | Acquired 795 gold pieces
 79753 | Zig:12   | Entered Level 12 of a ziggurat
 79762 | Zig:12   | Noticed an ancient lich
 79763 | Zig:12   | Noticed an ancient lich
 79764 | Zig:12   | Noticed an ancient lich
 79768 | Zig:12   | Killed an ancient lich
 79770 | Zig:12   | Killed an ancient lich
 79774 | Zig:12   | Killed an ancient lich
 79775 | Zig:12   | Identified the +4 great mace "Sarcophage" {elec, Dex+5}
 79775 | Zig:12   | Identified the +5 scale mail "Zioraf" {Harm +Blink SInv}
 79850 | Zig:13   | Entered Level 13 of a ziggurat
 79917 | Zig:13   | Identified the +0 pair of boots of Kulaj {Dex+4 Slay-5
                  | SInv}
 79919 | Zig:13   | Identified the +1 robe of Hatwup {Str-5 Int+4 Slay+5 SInv}
 79921 | Zig:13   | Identified the +8 mace "Maxibubu" {heavy, *Noise Will+
                  | rCorr Str+3}
 79982 | Zig:14   | Entered Level 14 of a ziggurat
 79991 | Zig:14   | Noticed Abriumyp the pandemonium lord
 79993 | Zig:14   | Noticed Ewniguon the pandemonium lord
 79994 | Zig:14   | Noticed Ytaar the pandemonium lord
 79997 | Zig:14   | Noticed Buwu Nal the pandemonium lord
 80012 | Zig:14   | Killed Abriumyp the pandemonium lord
 80016 | Zig:14   | Killed Buwu Nal the pandemonium lord
 80016 | Zig:14   | Killed Ewniguon the pandemonium lord
 80024 | Zig:14   | Killed Ytaar the pandemonium lord
 80043 | Zig:14   | Identified the +3 plate armour of Nopod {Str+6}
 80043 | Zig:14   | Identified the +1 dire flail of Delicate Judgement {venom,
                  | Int+4}
 80203 | Zig:15   | Entered Level 15 of a ziggurat
 80210 | Zig:15   | Noticed an ancient lich
 80212 | Zig:15   | Noticed a dread lich
 80217 | Zig:15   | Reached skill level 23 in Dodging
 80223 | Zig:15   | Killed an ancient lich
 80224 | Zig:15   | Killed a dread lich
 80238 | Zig:15   | Identified the +7 broad axe of Xuelo {heavy, Str+3}
 80240 | Zig:15   | Identified the Writings on Captivating Dislocation
 80278 | Zig:15   | Learned a level 9 spell: Shatter
 80385 | Zig:15   | Learned a level 8 spell: Lehudib's Crystal Spear
 80387 | Zig:16   | Entered Level 16 of a ziggurat
 80410 | Zig:16   | Identified Ihibythre's Monograph on the Winter and Battle
                  | Magic
 80410 | Zig:16   | Found the +7 mace of Variability {chaos, chain chaos}
 80413 | Zig:16   | Identified the +1 glaive "Cijeokhle" {holy, rPois Int+2
                  | Dex-2}
 80413 | Zig:16   | Identified the ring of Hugua {+Blink Fly rC++}
 80581 | Zig:17   | Entered Level 17 of a ziggurat
 80592 | Zig:17   | Noticed an ancient lich
 80612 | Zig:17   | Killed an ancient lich
 80722 | Zig:17   | Identified More Thaumaturgy
 80739 | Zig:17   | Identified the Lectures on Cold
 80740 | Zig:17   | Identified the ring of Happiness {Fly rN+++ Str-4 Dex+2}
 80827 | Zig:18   | Entered Level 18 of a ziggurat
 80843 | Zig:18   | Identified the Guidebook on Allies
 80847 | Zig:18   | Identified Sif Muna's Spellbook of the Shocking Gathering
 80847 | Zig:18   | Identified Path's Parchment of Transposed Aeromancy
 80848 | Zig:18   | Identified the +8 morningstar of the Kissing Seeker
                  | {antimagic, Fragile Fly rPois Str+3}
 80848 | Zig:18   | Found the +6 Majin-Bo {spellvamp, MP+6 Int+6}
 80851 | Zig:18   | Identified the +1 spear of Bespelling Death {flame, rElec
                  | rF- Will++}
 80851 | Zig:18   | Identified the +1 quarterstaff of Zuosemol {pain, rElec
                  | rPois}
 81030 | Zig:19   | Entered Level 19 of a ziggurat
 81037 | Zig:19   | Noticed Boh Xemi the pandemonium lord
 81044 | Zig:19   | Noticed Ziriorer the pandemonium lord
 81044 | Zig:19   | Noticed Voqe the pandemonium lord
 81044 | Zig:19   | Noticed Ehearph the pandemonium lord
 81045 | Zig:19   | Noticed Sulacid the pandemonium lord
 81047 | Zig:19   | Killed Boh Xemi the pandemonium lord
 81048 | Zig:19   | Reached skill level 24 in Dodging
 81053 | Zig:19   | Noticed Tipn the pandemonium lord
 81057 | Zig:19   | Killed Ehearph the pandemonium lord
 81060 | Zig:19   | Noticed Adefov the pandemonium lord
 81063 | Zig:19   | Noticed Uloazing the pandemonium lord
 81064 | Zig:19   | Killed Sulacid the pandemonium lord
 81064 | Zig:19   | Killed Voqe the pandemonium lord
 81068 | Zig:19   | Killed Tipn the pandemonium lord
 81068 | Zig:19   | Killed Ziriorer the pandemonium lord
 81070 | Zig:19   | HP: 5/264 [Adefov the pandemonium lord (37)]
 81071 | Zig:19   | Killed from afar by a Killer Klown

Illustrated notes

Levels and vault maps discovered:
D:1:      dpeg_arrival_castle, layout_basic, serial_shops,
          nicolae_shop_advertising_works [nicolae_subvault_shop_adworks],
          nrook_loot_triangle
D:2:      minmay_recursive_quarters, layout_loops_ring
D:3:      layout_basic, mainiacjoe_overflow_brackets, minmay_starry_boxes
D:4:      layout_basic, grunt_ministairs_10, minmay_box_of_dots, uniq_duvessa,
          uniq_natasha
D:5:      layout_loops_ring, nicolae_ru_great_annihilating_truth, serial_shops,
          shop, shop, hangedman_abyss_or_decor_lesser_grid, uniq_eustachio
D:6:      layout_loops_corners, amcnicky_altar_gilded,
          trog_three_pillars_becter, xom_teletrap_fun,
          minmay_temple_entry_butterflies, uniq_prince_ribbit1
D:7:      layout_loops_cross, minmay_overflow_temple_star_quad,
          lemuel_round_altar, enter_bailey_7, ebering_ghost_xom,
          chequers_serial_rivers_large_a
D:8:      layout_rooms, dpeg_oklobed_lair, hangedman_decor_clover_reticule,
          minmay_small_thing, uniq_maurice
D:9:      layout_basic, minmay_orc_entry_guard_dogs, serial_shops,
          kennysheep_mini_moat, gammafunk_ghost_abyssal_escape,
          minmay_misc_feat_more_columns, grunt_ministairs_1
D:10:     layout_cave_pods, guppyfry_shop_venom
D:11:     layout_stronghold, serial_shops, shop, uniq_lodul, uniq_psyche,
          uniq_nergalle, uniq_urug
D:12:     layout_cave_pods
D:13:     layout_basic, minmay_misc_feat_secret_circle
D:14:     layout_basic, grunt_vaults_entry_tiered, gauntlet_entry_generic,
          chequers_serial_rivers_micro_c
D:15:     grunt_enter_depths_snipers, layout_basic,
          lemuel_coloured_pillars_altar, serial_shops, shop
Temple:   nicolae_temple_ecumenical_triangle
Lair:1:   layout_cave_pods, uniq_amaemon
Lair:2:   layout_small_grid, shoals_dummy_entry, infiniplex_staircase_pool
Lair:3:   layout_cave_pods, nicolae_spider_entry_lesser_pyramids, serial_bayou,
          serial_bayou_pond_b, serial_bayou_pond_c, serial_bayou_shore_a,
          serial_bayou_ford_a, portal_ice_cave_entry_ice_simulacra,
          lemuel_fruit_tree, uniq_sonja
Lair:4:   layout_misc_corridors, minivault_26
Lair:5:   hellmonk_lair_end_abyssal_woods, layout_cave_pods,
          minmay_slime_entry_pillars, grunt_megastairs_5
Shoals:1: layout_shoals, serial_shops, shop, nicolae_shop_stone, shop, shop,
          shop, nicolae_shoals_pincushion_passage, uniq_frances
Shoals:2: layout_shoals, nicolae_shoals_songs, uniq_aizul
Shoals:3: nicolae_shoals_aurelia_aurita, layout_shoals
Shoals:4: shoals_end_simple, layout_shoals, nicolae_shoals_spectral_cove,
          uniq_polyphemus
Spider:1: layout_spider_delve, uniq_nikola
Spider:2: layout_spider_delve, nicolae_spider_acid_house, uniq_arachne
Spider:3: layout_cave_pods, uniq_kirke, uniq_louise, uniq_roxanne
Spider:4: spider_rune_water, gammafunk_ghost_mausoleum, uniq_mara
Slime:1:  layout_caves
Slime:2:  layout_caves
Slime:3:  cheibrodos_slime_lost_civilization_2, layout_caves,
          nicolae_slime_getting_an_eyeful
Slime:4:  layout_caves, basic_altar, uniq_dissolution
Slime:5
Orc:1:    layout_caves, uniq_erolcha, uniq_josephine
Orc:2:    grunt_orc_community_town_hall, layout_caves,
          grunt_orc_community_big_house_1, grunt_orc_community_big_house_2,
          grunt_orc_community_house_3, grunt_orc_community_house_2,
          grunt_orc_community_house_2, grunt_orc_community_house_3,
          grunt_orc_community_house_1, ebering_ghost_xom, uniq_jorgrun,
          uniq_azrael
Elf:1:    eino_elf_arrival_customs, layout_loops_cross, serial_shops,
          nicolae_shop_stone, mu_enter_wizlab_2, hangedman_elf_represent,
          nicolae_concentric_dashed_squares_wild, nicolae_alphabet_shops,
          uniq_agnes
Elf:2:    nicolae_elf_blades_splatter_lattice [nicolae_blade_little_rooms],
          layout_loops_cross, serial_shops, shop, st_stairs_13, minivault_11
Elf:3:    minmay_elf_hall_not_hex, layout_loops_cross,
          nicolae_elf_theology_debate
Vaults:1: ontoclasm_vaults_ring_small, v_misc_26, dpeg_vaults_monster_box,
          nicolae_vaults_big_ls, v_misc_9, grunt_vaults_twisty,
          vaults_mumra_chevron, ontoclasm_vaults_ring_small,
          hangedman_vaults_capsules, st_cross, grunt_vaults_diagonal,
          nicolae_vaults_little_squares_5, nicolae_vaults_theta, serial_ice_g,
          layout_vaults_omnicross
Vaults:2: vaults_room_hallway, v_alt_pattern_2, vaults_room_boxed,
          nicolae_vaults_circle_grid_b, vaults_room_door_ring,
          nicolae_vaults_inception_scallops, grunt_vaults_funnel,
          vaults_room_fancy_cross, ontoclasm_vaults_ring_small, v_rooms_6,
          nicolae_vaults_murderbox, ontoclasm_vaults_eye,
          grunt_vaults_hallway_long, v_misc_27, vaults_dpeg_diagonal,
          layout_vaults_omnibox, uniq_zenata, uniq_bai_suzhen, uniq_sojobo
Vaults:3: nicolae_vaults_display_case, minmay_crypt_entry_simple_box,
          vaults_mumra_chevron_long, hangedman_vaults_stretched_pinwheel,
          hangedman_vaults_nodes, ontoclasm_vaults_ligature,
          ontoclasm_vaults_idyll, nicolae_vaults_mini_display_case,
          vaults_standard_mumra_x, serial_ice_h, v_misc_32,
          layout_vaults_big_room, serial_shops, shop,
          nicolae_shop_temple_entry_statues_fountains
Vaults:4: nicolae_vaults_hallways_thing, vaults_room_pools, v_misc_19,
          hangedman_vaults_impose, nicolae_vaults_three_branches, v_misc_11,
          ontoclasm_vaults_shuriken, v_rooms_4, ontoclasm_vaults_loading_screen,
          v_misc_2, v_misc_16, nicolae_vaults_gold_heap, vaults_dpeg_ring,
          nicolae_vaults_little_squares_5, layout_vaults_maze_snakey
Vaults:5
Crypt:1:  layout_basic, grunt_crypt_arrival_webbed,
          roderic_lattice_octagonal_star
Crypt:2:  layout_basic, uniq_xtahua
Crypt:3:  due_elkab, layout_chaotic_city, tomb_entry_simple_bobbens,
          columned_hall_lemuel
Depths:1: layout_gridlike, cheibriados_altar_1, serial_co_window_serial,
          co_window_cross_1, co_window_paths_b, co_window_paths_b,
          co_window_paths_a, co_window_paths_a, co_window_unsneaky_path_e,
          co_window_of_opportunity_c, co_window_unsneaky_path_b,
          co_window_of_opportunity_b, co_window_of_opportunity_b,
          co_window_of_opportunity_b, co_window_cross_3, glass_columns_a,
          glass_columns_a, glass_columns_a, abyss_entry, hell_entry,
          hangedman_research_probablistics
Depths:2: minmay_crystal_thing, layout_basic, enter_ziggurat_d,
          hangedman_abyss_entry_splay, rand_demon_pan_entry_7, serial_shops,
          bzr_entry_water, hell_entry, special_room [special_room_mythical_zoo],
          uniq_saint_roka, uniq_grunn
Depths:3: minmay_ornate_pinched, layout_cave_pools, hell_entry, serial_shops,
          shop_statue, abyss_entry, nicolae_gozag_zags_fifth_avenue,
          infiniplex_staircase_trident
Depths:4: evilmike_zot_entry_gauntlet, layout_basic, pf_coc_iceberg, uniq_vv
Zot:1:    layout_misc_corridors, lemuel_golem_globe
Zot:2:    kennysheep_bubbly, layout_cathedral_of_symmetry
Zot:3:    layout_misc_corridors, uniq_parghit
Zot:4:    layout_twisted_circle
Zot:5:    layout_twisted_circle
Zig:19

Skill      XL: |  1  2  3  4  5  6  7  8  9 10 11 12 13 14 15 16 17 18 19 20 21 22 23 24 25 26 27 |
---------------+----------------------------------------------------------------------------------+-----
Spellcasting   | 5 6 7 8 9 10 11 12 13 14 15 16 17 18 19 21 | 21.6
Invocations    | 1 2 3 4 5 6 7 8 9 10 11 12 13 14 15 16 17 18 19 20 22 | 22.9
Short Blades   | 1 2 3 5 6 7 8 9 10 11 12 13 14 15 16 17 18 21 | 21.2
Long Blades    | 1 2 3 5 6 7 8 9 10 11 12 13 14 15 16 17 18 21 | 21.2
Axes           | 1 2 3 5 6 7 8 9 10 11 12 13 14 15 16 17 18 21 | 21.2
Maces & Flails | 1 2 3 5 6 7 8 9 10 11 12 13 14 15 16 17 18 21 | 21.2
Polearms       | 1 2 3 5 6 7 8 9 10 11 12 13 14 15 16 17 18 21 | 21.2
Staves         | 1 2 3 5 6 7 8 9 10 11 12 13 14 15 16 17 18 21 | 21.2
Ranged Weapons | 1 2 3 5 6 7 8 9 10 11 12 13 14 15 16 17 18 21 | 21.2
Throwing       | 1 2 3 5 6 7 8 9 10 11 12 13 14 15 16 17 18 23 | 23.7
Armour         | 1 2 3 5 6 7 8 9 10 11 12 13 14 15 16 17 18 21 | 21.2
Stealth        | 1 2 3 5 6 7 8 9 10 11 12 13 14 15 16 17 18 21 | 21.2
Shields        | 1 2 3 5 6 7 8 9 10 11 12 13 14 15 16 17 18 21 | 21.2
Evocations     | 1 2 3 5 6 7 8 9 10 11 12 13 14 15 16 17 18 21 | 21.2
Conjurations   | 1 2 3 4 5 6 7 8 9 10 11 12 13 14 15 18 | 18.1
Hexes          | 1 2 3 4 5 6 7 8 9 10 11 12 13 14 15 18 | 18.1
Summonings     | 1 2 3 4 5 6 7 8 9 10 11 12 13 14 15 18 | 18.1
Necromancy     | 1 2 3 4 5 6 7 8 9 10 11 12 13 14 15 18 | 18.1
Translocations | 1 2 3 4 5 6 7 8 9 10 11 12 13 14 15 18 | 18.1
Fire Magic     | 1 2 3 4 5 6 7 8 9 10 11 12 13 14 15 18 | 18.1
Ice Magic      | 1 2 3 4 5 6 7 8 9 10 11 12 13 14 15 18 | 18.1
Air Magic      | 1 2 3 4 5 6 7 8 9 10 11 12 13 14 15 18 | 18.1
Earth Magic    | 1 2 3 4 5 6 7 8 9 10 11 12 13 14 15 18 | 18.1
Poison Magic   | 1 2 3 4 5 6 7 8 9 10 11 12 13 14 15 18 | 18.1
Fighting       | 3 4 5 6 7 8 9 10 11 12 13 14 15 16 17 18 21 | 21.3
Transmutations | 4 5 6 7 8 9 10 11 12 13 14 15 16 18 | 18.5
Dodging        | 5 6 7 8 9 10 11 12 13 14 15 16 17 18 19 24 | 24.0
Unarmed Combat | 7 8 9 10 11 12 13 14 15 16 17 18 19 22 | 22.0

Action                   |  1- 3 |  4- 6 |  7- 9 | 10-12 | 13-15 | 16-18 | 19-21 | 22-24 | 25-27 || total
-------------------------+-------+-------+-------+-------+-------+-------+-------+-------+-------++-------
Melee: Unarmed           |    19 |       |       |       |       |       |       |       |       ||    19
       Kick              |    24 |    37 |     9 |     8 |       |       |       |       |       ||    78
       Headbutt          |    13 |    15 |     4 |     3 |       |       |       |       |       ||    35
       Bite              |     6 |     8 |    20 |    53 |    40 |    63 |   114 |   173 |   190 ||   667
       Dagger            |    67 |   116 |   156 |   148 |       |       |       |       |       ||   487
       Punch             |     2 |     2 |    12 |    12 |    19 |    43 |   107 |   101 |       ||   298
       Rapier            |       |       |    24 |       |       |    17 |       |       |       ||    41
       Short sword       |       |       |       |    80 |       |       |       |       |       ||    80
       Triple sword      |       |       |       |   102 |   103 |    69 |    21 |    10 |       ||   305
       Double sword      |       |       |       |       |   145 |   329 |   693 |   802 |   764 ||  2733
       Falchion          |       |       |       |       |       |       |       |       |   184 ||   184
       Broad axe         |       |       |       |       |       |       |       |       |     3 ||     3
 Fire: Arbalest          |       |       |    28 |    72 |    38 |       |       |       |       ||   138
       Longbow           |       |       |       |       |   340 |   769 |   545 |   127 |       ||  1781
       Hand crossbow     |       |       |       |       |       |       |       |   371 |   413 ||   784
Throw: Stone             |    10 |    10 |       |       |       |       |       |       |       ||    20
       Dart              |       |     5 |     3 |     5 |     2 |    18 |       |       |       ||    33
       Throwing net      |       |       |     1 |       |       |       |       |       |       ||     1
       Javelin           |       |       |       |       |       |       |       |       |    14 ||    14
 Cast: Beastly Appendage |    30 |    38 |     7 |     3 |       |       |       |       |       ||    78
       Poisonous Vapours |       |     5 |   101 |    57 |     6 |     2 |     2 |       |       ||   173
       Wereblood         |       |     2 |     2 |     1 |       |     6 |    39 |    48 |    28 ||   126
       Mephitic Cloud    |       |     1 |    10 |    57 |     2 |       |     1 |       |       ||    71
       Dispel Undead     |       |       |       |     7 |       |     8 |       |       |       ||    15
       Olgreb's Toxic Ra |       |       |       |    39 |    75 |   186 |    32 |    44 |    13 ||   389
       Eringya's Noxious |       |       |       |     2 |     4 |    19 |    19 |     3 |     7 ||    54
       Borgnjor's Vile C |       |       |       |       |     1 |    18 |   117 |    98 |   119 ||   353
       Yara's Violent Un |       |       |       |       |       |     2 |       |    15 |     6 ||    23
       Passage of Golubr |       |       |       |       |       |     3 |       |     1 |     2 ||     6
       Lee's Rapid Decon |       |       |       |       |       |       |     9 |    31 |     4 ||    44
       Ignition          |       |       |       |       |       |       |       |       |    99 ||    99
       Infestation       |       |       |       |       |       |       |       |       |    90 ||    90
       Necromutation     |       |       |       |       |       |       |       |       |    27 ||    27
       Shatter           |       |       |       |       |       |       |       |       |     3 ||     3
Invok: Curse Item        |       |       |     2 |     7 |     2 |     3 |     1 |     3 |     3 ||    21
       Shatter the Chain |       |       |       |     3 |       |     4 |     2 |     1 |     3 ||    13
 Abil: End Transformatio |       |       |       |       |       |       |       |       |     1 ||     1
Evoke: Wand              |       |       |    10 |     5 |    11 |     9 |     8 |    11 |     6 ||    60
       Condenser vane    |       |       |       |       |       |     3 |     7 |     7 |     5 ||    22
       Tin of tremorston |       |       |       |       |       |     3 |     4 |     1 |       ||     8
       Phantom mirror    |       |       |       |       |       |     2 |     5 |     2 |     4 ||    13
       Lightning rod     |       |       |       |       |       |       |       |     4 |       ||     4
       Box of beasts     |       |       |       |       |       |       |       |       |     5 ||     5
       Phial of floods   |       |       |       |       |       |       |       |       |     2 ||     2
  Use: Scroll            |       |     7 |     2 |     3 |       |     7 |     6 |    18 |    32 ||    75
       Potion            |       |     1 |     1 |     3 |     1 |    10 |     5 |    27 |    11 ||    59
 Stab: Sleeping          |       |     2 |     1 |     1 |       |     1 |    21 |    10 |     4 ||    40
       Confused          |       |     1 |     8 |    32 |       |       |       |       |       ||    41
       Paralysed         |       |       |       |     2 |       |       |     1 |     3 |       ||     6
       Petrified         |       |       |       |       |       |       |     1 |       |     1 ||     2
       Distracted        |       |       |       |       |       |       |     1 |     5 |    20 ||    26
       Invisible         |       |       |       |       |       |       |       |     1 |       ||     1
Armor: Robe              |    17 |       |       |       |       |       |       |       |       ||    17
       Leather armour    |       |    19 |    28 |    64 |    32 |       |       |       |       ||   143
       Scale mail        |       |       |       |       |    98 |   379 |   321 |   233 |   255 ||  1286
       Skin              |       |       |       |       |       |       |       |       |    22 ||    22
Dodge: Dodged            |    40 |    45 |   116 |   238 |   353 |   606 |   857 |   695 |   864 ||  3814
Block: Buckler           |       |       |       |       |       |       |       |   169 |   404 ||   573

Table legend: (Time is in decaauts)
 A = Elapsed time spent in this place.
 B = Non-inter-level travel time spent in this place.
 C = Inter-level travel time spent in this place.
 D = Time resting spent in this place.
 E = Time spent auto-exploring this place.
 F = Levels seen in this place.
 G = Mean time per level.
                   A        B        C        D        E       F      G
               +--------+--------+--------+--------+--------+-----+--------+
         Total |  81323 |  72645 |   8678 |   9720 |  42569 |  83 |  979.8 |
       Dungeon |  20148 |  16376 |   3772 |    846 |  11780 |  15 | 1343.2 |
        Temple |     18 |      9 |      9 |      0 |      0 |   1 |   18.0 |
          Lair |   6886 |   6312 |    574 |     63 |   5045 |   5 | 1377.2 |
        Shoals |   5774 |   5435 |    339 |    953 |   3118 |   4 | 1443.5 |
   Spider Nest |   8214 |   7828 |    386 |   1890 |   4006 |   4 | 2053.5 |
    Slime Pits |   3009 |   2663 |    346 |    449 |   1301 |   5 |  601.8 |
  Orcish Mines |   2255 |   2016 |    239 |    241 |   1312 |   2 | 1127.5 |
   Elven Halls |   5586 |   4923 |    663 |   1071 |   2491 |   3 | 1862.0 |
        Vaults |   7687 |   6767 |    920 |    848 |   4295 |   5 | 1537.4 |
         Crypt |   3423 |   3282 |    141 |      0 |   1918 |   3 | 1141.0 |
        Depths |   7288 |   6241 |   1047 |   1625 |   2834 |   4 | 1822.0 |
           Zot |   5229 |   4992 |    237 |    809 |   2863 |   5 | 1045.8 |
         Abyss |    636 |    636 |      0 |     55 |      0 |   3 |  212.0 |
      Ziggurat |   2543 |   2543 |      0 |    345 |   1238 |  19 |  133.8 |
        Bazaar |     29 |     29 |      0 |      0 |      0 |   1 |   29.0 |
        Bailey |    659 |    659 |      0 |    185 |    102 |   1 |  659.0 |
      Ice Cave |   1169 |   1169 |      0 |    338 |    263 |   1 | 1169.0 |
        Wizlab |    355 |    355 |      0 |      0 |      0 |   1 |  355.0 |
      Gauntlet |    405 |    405 |      0 |      0 |      0 |   1 |  405.0 |
               +--------+--------+--------+--------+--------+-----+--------+

Top non-repeatable levels by time:
Spider:4: 2962 daAuts
   Elf:3: 2585 daAuts
Depths:1: 2385 daAuts
Depths:2: 2308 daAuts
    D:11: 2231 daAuts
Shoals:4: 2051 daAuts
  Lair:5: 1859 daAuts
Spider:2: 1845 daAuts
Vaults:1: 1814 daAuts
Spider:1: 1789 daAuts
     D:9: 1777 daAuts
Vaults:3: 1707 daAuts
    D:15: 1637 daAuts
   Elf:2: 1626 daAuts
Spider:3: 1617 daAuts
